Workbook

Sheet Tab Habilitation
A2: Entité | B2: NNI | C2: NOM | D2: PRENOM | E2: Metier | F2: Visite médicale | G2: Aptitude | H2: AAMEDS0001 | I2: AAMEDS0002 | J2: AERDFT907 | K2: ADNTINO | L2: AAMEDT908 | M2: ADNTSTBATI | N2: DATE DE VALIDITE | O2: ADNTSTEME | P2: DATE DE VALIDITE | Q2: ADNTSTRTI | R2: DATE DE VALIDITE | S2: ANDTSTTRIC | T2: DATE DE VALIDITE | U2: ADNTSTSOU | V2: DATE DE VALIDITE | W2: ADNTSTBRT | X2: DATE DE VALIDITE | Y2: ADNTSTAER | Z2: DATE DE VALIDITE | AA2: ADNTSTCIS | AB2: DATE DE VALIDITE | AC2: ADNTSTRAET | AD2: DATE DE VALIDITE | AE2: ADNTSTRTOT | AF2: DATE DE VALIDITE | AG2: ADNTSTCCFC | AH2: DATE DE VALIDITE | AI2: ADNRDCBT | AJ2: ADNTIP02B | AK2: ADNTIP00B | AL2: ADNTIP02A | AM2: ANDT001 | AN2: DATE DE VALIDITE | AO2: ANDT002 | AP2: DATE DE VALIDITE | AQ2: ANDT003 | AR2: DATE DE VALIDITE | AS2: ANDT004 | AT2: DATE DE VALIDITE | AU2: AERDFPEMPI | AV2: AERDFPEMPR | AW2: DATE DE VALIDITE | AX2: AERDFGRUA1 | AY2: AERDFGRUR1 | AZ2: DATE DE VALIDITE | BA2: AEMEDP0001 | BB2: DATE DE VALIDITE | BC2: AEMEDEP015 | BE2: DATE DE VALIDITE | BF2: ADN2993 | BG2: ADN2995 | BH2: DATE DE VALIDITE | BI2: ADN2994 | BJ2: ADN2996 | BK2: DATE DE VALIDITE | BL2: AERDFT941B | BM2: DATE DE VALIDITE | BN2: ACDLY08 | BO2: ACDLY13 | BP2: ACDCKO07 | BQ2: ACDLY11 | BR2: AAMEDLINK1 | BS2: ACDTIPINTV | BT2: AAMEDFADTC | BU2: AEDRVA | BV2: AEDRVAR | BW2: ADN8064 | BX2: AERDFT934 | BY2: N° | BZ2: TYPE A | CA2: TYPE B | CB2: TYPE C | CC2: TYPE D | CD2: TYPE E(B) | CE2: TYPE E(C ) | CF2: TYPE E(D) | CG2: DATE DE DELIVRANCE | CH2: DATE DE VALIDITE | CI2: VILLE DE DELIVRANCE | CJ2: Date Test Sphinx | CK2: Sphinx Bonne Réponse | CL2: Sphinx Total | CM2: Sphinx %
A3: Entité | B3: NNI | C3: NOM | D3: PRENOM | E3: Metier | F3: 2 ans | H3: (initial) | I3: (annuel) | J3: (recyclage 2ans) | K3: date de réalisation | L3: date de réalisation | M3: TIR = 4 ans / TER = 2 ans | O3: TIR = 4 ans / TER = 2 ans | Q3: TIR = 4 ans | S3: TIR = 4 ans | U3: TIR = 4 ans | W3: TIR = 4 ans | Y3: TIR = 4 ans / TER = 2 ans | AA3: TIR = 4 ans | AC3: TIR = 4 ans / TER = 2 ans | AE3: TIR = 4 ans | AI3: Pas de recyclage | AJ3: résaux aériens | AK3: terminal individuel | AL3: aérien tx en hauteur | AM3: 2 ans | AO3: 2 ans | AQ3: 2 ans | AS3: 2 ans | AU3: 5 ans | AX3: 5 ans | BA3: 5 ans | BC3: 5 ans | BF3: 3 ans | BI3: 3 ans | BL3: 3 ans | BN3: date de réalisation | BO3: date de réalisation | BP3: date de réalisation | BQ3: date de réalisation | BR3: date de réalisation | BS3: date de réalisation | BT3: date de réalisation | BU3: date de réalisation | BV3: date de réalisation | BW3: date de réalisation | BX3: date de réalisation | CB3: 5 ans
A4: TOULON | B4: A1 | E4: TIR | H4: {=IFERROR(INDEX('Fichier E-Formation'!DP:DP,MATCH('Tab Habilitation'!B4&"AAMEDS0001",'Fichier E-Formation'!DM:DM&'Fichier E-Formation'!DO:DO,0)),"")} | I4: {=IFERROR(INDEX('Fichier E-Formation'!DP:DP,MATCH('Tab Habilitation'!B4&"AAMEDS0002",'Fichier E-Formation'!DM:DM&'Fichier E-Formation'!DO:DO,0)),"")} | J4: {=IFERROR(INDEX('Fichier E-Formation'!DP:DP,MATCH('Tab Habilitation'!B4&"AERDFT907",'Fichier E-Formation'!DM:DM&'Fichier E-Formation'!DO:DO,0)),"")} | K4: {=IFERROR(INDEX('Fichier E-Formation'!DP:DP,MATCH('Tab Habilitation'!B4&"ADNTINO",'Fichier E-Formation'!DM:DM&'Fichier E-Formation'!DO:DO,0)),"")} | L4: {=IFERROR(INDEX('Fichier E-Formation'!DP:DP,MATCH('Tab Habilitation'!B4&"AAMEDT908",'Fichier E-Formation'!DM:DM&'Fichier E-Formation'!DO:DO,0)),"")} | M4: {=IFERROR(INDEX('Fichier E-Formation'!DP:DP,MATCH('Tab Habilitation'!B4&"ADNTSTBATI",'Fichier E-Formation'!DM:DM&'Fichier E-Formation'!DO:DO,0)),"")} | O4: {=IFERROR(INDEX('Fichier E-Formation'!DP:DP,MATCH('Tab Habilitation'!B4&"ADNTSTEME",'Fichier E-Formation'!DM:DM&'Fichier E-Formation'!DO:DO,0)),"")} | Q4: {=IFERROR(INDEX('Fichier E-Formation'!DP:DP,MATCH('Tab Habilitation'!B4&"ADNTSTRTI",'Fichier E-Formation'!DM:DM&'Fichier E-Formation'!DO:DO,0)),"")} | S4: {=IFERROR(INDEX('Fichier E-Formation'!DP:DP,MATCH('Tab Habilitation'!B4&"ADNTSTTRIC",'Fichier E-Formation'!DM:DM&'Fichier E-Formation'!DO:DO,0)),"")} | U4: {=IFERROR(INDEX('Fichier E-Formation'!DP:DP,MATCH('Tab Habilitation'!B4&"ADNTSTSOU",'Fichier E-Formation'!DM:DM&'Fichier E-Formation'!DO:DO,0)),"")} | W4: {=IFERROR(INDEX('Fichier E-Formation'!DP:DP,MATCH('Tab Habilitation'!B4&"ADNTSTBRT",'Fichier E-Formation'!DM:DM&'Fichier E-Formation'!DO:DO,0)),"")} | Y4: {=IFERROR(INDEX('Fichier E-Formation'!DP:DP,MATCH('Tab Habilitation'!B4&"ADNTSTAER",'Fichier E-Formation'!DM:DM&'Fichier E-Formation'!DO:DO,0)),"")} | AA4: {=IFERROR(INDEX('Fichier E-Formation'!DP:DP,MATCH('Tab Habilitation'!B4&"ADNTSTCIS",'Fichier E-Formation'!DM:DM&'Fichier E-Formation'!DO:DO,0)),"")} | AC4: {=IFERROR(INDEX('Fichier E-Formation'!DP:DP,MATCH('Tab Habilitation'!B4&"ADNTSTRAET",'Fichier E-Formation'!DM:DM&'Fichier E-Formation'!DO:DO,0)),"")} | AE4: {=IFERROR(INDEX('Fichier E-Formation'!DP:DP,MATCH('Tab Habilitation'!B4&"ADNTSTRTOT",'Fichier E-Formation'!DM:DM&'Fichier E-Formation'!DO:DO,0)),"")} | AG4: {=IFERROR(INDEX('Fichier E-Formation'!DP:DP,MATCH('Tab Habilitation'!B4&"ADNTSTCCFC",'Fichier E-Formation'!DM:DM&'Fichier E-Formation'!DO:DO,0)),"")} | AI4: {=IFERROR(INDEX('Fichier E-Formation'!DP:DP,MATCH('Tab Habilitation'!B4&"ADNRDCBT",'Fichier E-Formation'!DM:DM&'Fichier E-Formation'!DO:DO,0)),"")} | AJ4: {=IFERROR(INDEX('Fichier E-Formation'!DP:DP,MATCH('Tab Habilitation'!B4&"ADNTIP02B",'Fichier E-Formation'!DM:DM&'Fichier E-Formation'!DO:DO,0)),"")} | AK4: {=IFERROR(INDEX('Fichier E-Formation'!DP:DP,MATCH('Tab Habilitation'!B4&"ADNTIP00B",'Fichier E-Formation'!DM:DM&'Fichier E-Formation'!DO:DO,0)),"")} | AL4: {=IFERROR(INDEX('Fichier E-Formation'!DP:DP,MATCH('Tab Habilitation'!B4&"ADNTIP02AI",'Fichier E-Formation'!DM:DM&'Fichier E-Formation'!DO:DO,0)),"")} | AM4: {=IFERROR(INDEX('Fichier E-Formation'!DP:DP,MATCH('Tab Habilitation'!B4&"ADNT001",'Fichier E-Formation'!DM:DM&'Fichier E-Formation'!DO:DO,0)),"")} | AO4: {=IFERROR(INDEX('Fichier E-Formation'!DP:DP,MATCH('Tab Habilitation'!B4&"ADNT002",'Fichier E-Formation'!DM:DM&'Fichier E-Formation'!DO:DO,0)),"")} | AQ4: {=IFERROR(INDEX('Fichier E-Formation'!DP:DP,MATCH('Tab Habilitation'!B4&"ADNT003",'Fichier E-Formation'!DM:DM&'Fichier E-Formation'!DO:DO,0)),"")} | AS4: {=IFERROR(INDEX('Fichier E-Formation'!DP:DP,MATCH('Tab Habilitation'!B4&"ADNT004",'Fichier E-Formation'!DM:DM&'Fichier E-Formation'!DO:DO,0)),"")} -> 42894 | AU4: {=IFERROR(INDEX('Fichier E-Formation'!DP:DP,MATCH('Tab Habilitation'!B4&"AERDFFPEMPI",'Fichier E-Formation'!DM:DM&'Fichier E-Formation'!DO:DO,0)),"")} | AV4: {=IFERROR(INDEX('Fichier E-Formation'!DP:DP,MATCH('Tab Habilitation'!B4&"AERDFPEMPR",'Fichier E-Formation'!DM:DM&'Fichier E-Formation'!DO:DO,0)),"")} -> 42992 | AX4: {=IFERROR(INDEX('Fichier E-Formation'!DP:DP,MATCH('Tab Habilitation'!B4&"AERDFGRUA1",'Fichier E-Formation'!DM:DM&'Fichier E-Formation'!DO:DO,0)),"")} | AY4: {=IFERROR(INDEX('Fichier E-Formation'!DP:DP,MATCH('Tab Habilitation'!B4&"AERDFGRUR1",'Fichier E-Formation'!DM:DM&'Fichier E-Formation'!DO:DO,0)),"")} -> 43125 | BA4: {=IFERROR(INDEX('Fichier E-Formation'!DP:DP,MATCH('Tab Habilitation'!B4&"AEMEDP0001",'Fichier E-Formation'!DM:DM&'Fichier E-Formation'!DO:DO,0)),"")} | BC4: {=IFERROR(INDEX('Fichier E-Formation'!DP:DP,MATCH('Tab Habilitation'!B4&"AEMEDEP015",'Fichier E-Formation'!DM:DM&'Fichier E-Formation'!DO:DO,0)),"")} | BF4: {=IFERROR(INDEX('Fichier E-Formation'!DP:DP,MATCH('Tab Habilitation'!B4&"ADN2993",'Fichier E-Formation'!DM:DM&'Fichier E-Formation'!DO:DO,0)),"")} | BG4: {=IFERROR(INDEX('Fichier E-Formation'!DP:DP,MATCH('Tab Habilitation'!B4&"ADN2995",'Fichier E-Formation'!DM:DM&'Fichier E-Formation'!DO:DO,0)),"")} | BI4: {=IFERROR(INDEX('Fichier E-Formation'!DP:DP,MATCH('Tab Habilitation'!B4&"ADN2994",'Fichier E-Formation'!DM:DM&'Fichier E-Formation'!DO:DO,0)),"")} | BJ4: {=IFERROR(INDEX('Fichier E-Formation'!DP:DP,MATCH('Tab Habilitation'!B4&"ADN2996",'Fichier E-Formation'!DM:DM&'Fichier E-Formation'!DO:DO,0)),"")} | BL4: {=IFERROR(INDEX('Fichier E-Formation'!DP:DP,MATCH('Tab Habilitation'!B4&"AERDFFT941B",'Fichier E-Formation'!DM:DM&'Fichier E-Formation'!DO:DO,0)),"")} | BN4: {=IFERROR(INDEX('Fichier E-Formation'!DP:DP,MATCH('Tab Habilitation'!B4&"ACDLY08",'Fichier E-Formation'!DM:DM&'Fichier E-Formation'!DO:DO,0)),"")} | BO4: {=IFERROR(INDEX('Fichier E-Formation'!DP:DP,MATCH('Tab Habilitation'!B4&"ACDLY13",'Fichier E-Formation'!DM:DM&'Fichier E-Formation'!DO:DO,0)),"")} | BP4: {=IFERROR(INDEX('Fichier E-Formation'!DP:DP,MATCH('Tab Habilitation'!B4&"ACDCK007",'Fichier E-Formation'!DM:DM&'Fichier E-Formation'!DO:DO,0)),"")} | BQ4: {=IFERROR(INDEX('Fichier E-Formation'!DP:DP,MATCH('Tab Habilitation'!B4&"ACDLY1",'Fichier E-Formation'!DM:DM&'Fichier E-Formation'!DO:DO,0)),"")} | BR4: {=IFERROR(INDEX('Fichier E-Formation'!DP:DP,MATCH('Tab Habilitation'!B4&"AAMEDLINK1",'Fichier E-Formation'!DM:DM&'Fichier E-Formation'!DO:DO,0)),"")} | BS4: {=IFERROR(INDEX('Fichier E-Formation'!DP:DP,MATCH('Tab Habilitation'!B4&"ACDTIPINTV",'Fichier E-Formation'!DM:DM&'Fichier E-Formation'!DO:DO,0)),"")} | BT4: {=IFERROR(INDEX('Fichier E-Formation'!DP:DP,MATCH('Tab Habilitation'!B4&"AAMEDFADTC",'Fichier E-Formation'!DM:DM&'Fichier E-Formation'!DO:DO,0)),"")} | BU4: {=IFERROR(INDEX('Fichier E-Formation'!DP:DP,MATCH('Tab Habilitation'!B4&"AEDRVA",'Fichier E-Formation'!DM:DM&'Fichier E-Formation'!DO:DO,0)),"")} | BV4: {=IFERROR(INDEX('Fichier E-Formation'!DP:DP,MATCH('Tab Habilitation'!B4&"AEDRVAR",'Fichier E-Formation'!DM:DM&'Fichier E-Formation'!DO:DO,0)),"")} | BW4: {=IFERROR(INDEX('Fichier E-Formation'!DP:DP,MATCH('Tab Habilitation'!B4&"ADN8064",'Fichier E-Formation'!DM:DM&'Fichier E-Formation'!DO:DO,0)),"")} | BX4: {=IFERROR(INDEX('Fichier E-Formation'!DP:DP,MATCH('Tab Habilitation'!B4&"AERDFT934",'Fichier E-Formation'!DM:DM&'Fichier E-Formation'!DO:DO,0)),"")}
A5: TOULON | B5: A2 | E5: TIR | H5: {=IFERROR(INDEX('Fichier E-Formation'!DP:DP,MATCH('Tab Habilitation'!B5&"AAMEDS0001",'Fichier E-Formation'!DM:DM&'Fichier E-Formation'!DO:DO,0)),"")} | I5: {=IFERROR(INDEX('Fichier E-Formation'!DP:DP,MATCH('Tab Habilitation'!B5&"AAMEDS0002",'Fichier E-Formation'!DM:DM&'Fichier E-Formation'!DO:DO,0)),"")} | J5: {=IFERROR(INDEX('Fichier E-Formation'!DP:DP,MATCH('Tab Habilitation'!B5&"AERDFT907",'Fichier E-Formation'!DM:DM&'Fichier E-Formation'!DO:DO,0)),"")} | K5: {=IFERROR(INDEX('Fichier E-Formation'!DP:DP,MATCH('Tab Habilitation'!B5&"ADNTINO",'Fichier E-Formation'!DM:DM&'Fichier E-Formation'!DO:DO,0)),"")} | L5: {=IFERROR(INDEX('Fichier E-Formation'!DP:DP,MATCH('Tab Habilitation'!B5&"AAMEDT908",'Fichier E-Formation'!DM:DM&'Fichier E-Formation'!DO:DO,0)),"")} | M5: {=IFERROR(INDEX('Fichier E-Formation'!DP:DP,MATCH('Tab Habilitation'!B5&"ADNTSTBATI",'Fichier E-Formation'!DM:DM&'Fichier E-Formation'!DO:DO,0)),"")} | O5: {=IFERROR(INDEX('Fichier E-Formation'!DP:DP,MATCH('Tab Habilitation'!B5&"ADNTSTEME",'Fichier E-Formation'!DM:DM&'Fichier E-Formation'!DO:DO,0)),"")} | Q5: {=IFERROR(INDEX('Fichier E-Formation'!DP:DP,MATCH('Tab Habilitation'!B5&"ADNTSTRTI",'Fichier E-Formation'!DM:DM&'Fichier E-Formation'!DO:DO,0)),"")} | S5: {=IFERROR(INDEX('Fichier E-Formation'!DP:DP,MATCH('Tab Habilitation'!B5&"ADNTSTTRIC",'Fichier E-Formation'!DM:DM&'Fichier E-Formation'!DO:DO,0)),"")} | U5: {=IFERROR(INDEX('Fichier E-Formation'!DP:DP,MATCH('Tab Habilitation'!B5&"ADNTSTSOU",'Fichier E-Formation'!DM:DM&'Fichier E-Formation'!DO:DO,0)),"")} | W5: {=IFERROR(INDEX('Fichier E-Formation'!DP:DP,MATCH('Tab Habilitation'!B5&"ADNTSTBRT",'Fichier E-Formation'!DM:DM&'Fichier E-Formation'!DO:DO,0)),"")} | Y5: {=IFERROR(INDEX('Fichier E-Formation'!DP:DP,MATCH('Tab Habilitation'!B5&"ADNTSTAER",'Fichier E-Formation'!DM:DM&'Fichier E-Formation'!DO:DO,0)),"")} | AA5: {=IFERROR(INDEX('Fichier E-Formation'!DP:DP,MATCH('Tab Habilitation'!B5&"ADNTSTCIS",'Fichier E-Formation'!DM:DM&'Fichier E-Formation'!DO:DO,0)),"")} | AC5: {=IFERROR(INDEX('Fichier E-Formation'!DP:DP,MATCH('Tab Habilitation'!B5&"ADNTSTRAET",'Fichier E-Formation'!DM:DM&'Fichier E-Formation'!DO:DO,0)),"")} | AE5: {=IFERROR(INDEX('Fichier E-Formation'!DP:DP,MATCH('Tab Habilitation'!B5&"ADNTSTRTOT",'Fichier E-Formation'!DM:DM&'Fichier E-Formation'!DO:DO,0)),"")} | AG5: {=IFERROR(INDEX('Fichier E-Formation'!DP:DP,MATCH('Tab Habilitation'!B5&"ADNTSTCCFC",'Fichier E-Formation'!DM:DM&'Fichier E-Formation'!DO:DO,0)),"")} | AI5: {=IFERROR(INDEX('Fichier E-Formation'!DP:DP,MATCH('Tab Habilitation'!B5&"ADNRDCBT",'Fichier E-Formation'!DM:DM&'Fichier E-Formation'!DO:DO,0)),"")} | AJ5: {=IFERROR(INDEX('Fichier E-Formation'!DP:DP,MATCH('Tab Habilitation'!B5&"ADNTIP02B",'Fichier E-Formation'!DM:DM&'Fichier E-Formation'!DO:DO,0)),"")} | AK5: {=IFERROR(INDEX('Fichier E-Formation'!DP:DP,MATCH('Tab Habilitation'!B5&"ADNTIP00B",'Fichier E-Formation'!DM:DM&'Fichier E-Formation'!DO:DO,0)),"")} | AL5: {=IFERROR(INDEX('Fichier E-Formation'!DP:DP,MATCH('Tab Habilitation'!B5&"ADNTIP02AI",'Fichier E-Formation'!DM:DM&'Fichier E-Formation'!DO:DO,0)),"")} | AM5: {=IFERROR(INDEX('Fichier E-Formation'!DP:DP,MATCH('Tab Habilitation'!B5&"ADNT001",'Fichier E-Formation'!DM:DM&'Fichier E-Formation'!DO:DO,0)),"")} | AO5: {=IFERROR(INDEX('Fichier E-Formation'!DP:DP,MATCH('Tab Habilitation'!B5&"ADNT002",'Fichier E-Formation'!DM:DM&'Fichier E-Formation'!DO:DO,0)),"")} | AQ5: {=IFERROR(INDEX('Fichier E-Formation'!DP:DP,MATCH('Tab Habilitation'!B5&"ADNT003",'Fichier E-Formation'!DM:DM&'Fichier E-Formation'!DO:DO,0)),"")} | AS5: {=IFERROR(INDEX('Fichier E-Formation'!DP:DP,MATCH('Tab Habilitation'!B5&"ADNT004",'Fichier E-Formation'!DM:DM&'Fichier E-Formation'!DO:DO,0)),"")} | AU5: {=IFERROR(INDEX('Fichier E-Formation'!DP:DP,MATCH('Tab Habilitation'!B5&"AERDFFPEMPI",'Fichier E-Formation'!DM:DM&'Fichier E-Formation'!DO:DO,0)),"")} | AV5: {=IFERROR(INDEX('Fichier E-Formation'!DP:DP,MATCH('Tab Habilitation'!B5&"AERDFPEMPR",'Fichier E-Formation'!DM:DM&'Fichier E-Formation'!DO:DO,0)),"")} | AX5: {=IFERROR(INDEX('Fichier E-Formation'!DP:DP,MATCH('Tab Habilitation'!B5&"AERDFGRUA1",'Fichier E-Formation'!DM:DM&'Fichier E-Formation'!DO:DO,0)),"")} | AY5: {=IFERROR(INDEX('Fichier E-Formation'!DP:DP,MATCH('Tab Habilitation'!B5&"AERDFGRUR1",'Fichier E-Formation'!DM:DM&'Fichier E-Formation'!DO:DO,0)),"")} | BA5: {=IFERROR(INDEX('Fichier E-Formation'!DP:DP,MATCH('Tab Habilitation'!B5&"AEMEDP0001",'Fichier E-Formation'!DM:DM&'Fichier E-Formation'!DO:DO,0)),"")} | BC5: {=IFERROR(INDEX('Fichier E-Formation'!DP:DP,MATCH('Tab Habilitation'!B5&"AEMEDEP015",'Fichier E-Formation'!DM:DM&'Fichier E-Formation'!DO:DO,0)),"")} | BF5: {=IFERROR(INDEX('Fichier E-Formation'!DP:DP,MATCH('Tab Habilitation'!B5&"ADN2993",'Fichier E-Formation'!DM:DM&'Fichier E-Formation'!DO:DO,0)),"")} | BG5: {=IFERROR(INDEX('Fichier E-Formation'!DP:DP,MATCH('Tab Habilitation'!B5&"ADN2995",'Fichier E-Formation'!DM:DM&'Fichier E-Formation'!DO:DO,0)),"")} | BI5: {=IFERROR(INDEX('Fichier E-Formation'!DP:DP,MATCH('Tab Habilitation'!B5&"ADN2994",'Fichier E-Formation'!DM:DM&'Fichier E-Formation'!DO:DO,0)),"")} | BJ5: {=IFERROR(INDEX('Fichier E-Formation'!DP:DP,MATCH('Tab Habilitation'!B5&"ADN2996",'Fichier E-Formation'!DM:DM&'Fichier E-Formation'!DO:DO,0)),"")} | BL5: {=IFERROR(INDEX('Fichier E-Formation'!DP:DP,MATCH('Tab Habilitation'!B5&"AERDFFT941B",'Fichier E-Formation'!DM:DM&'Fichier E-Formation'!DO:DO,0)),"")} | BN5: {=IFERROR(INDEX('Fichier E-Formation'!DP:DP,MATCH('Tab Habilitation'!B5&"ACDLY08",'Fichier E-Formation'!DM:DM&'Fichier E-Formation'!DO:DO,0)),"")} | BO5: {=IFERROR(INDEX('Fichier E-Formation'!DP:DP,MATCH('Tab Habilitation'!B5&"ACDLY13",'Fichier E-Formation'!DM:DM&'Fichier E-Formation'!DO:DO,0)),"")} | BP5: {=IFERROR(INDEX('Fichier E-Formation'!DP:DP,MATCH('Tab Habilitation'!B5&"ACDCK007",'Fichier E-Formation'!DM:DM&'Fichier E-Formation'!DO:DO,0)),"")} | BQ5: {=IFERROR(INDEX('Fichier E-Formation'!DP:DP,MATCH('Tab Habilitation'!B5&"ACDLY1",'Fichier E-Formation'!DM:DM&'Fichier E-Formation'!DO:DO,0)),"")} | BR5: {=IFERROR(INDEX('Fichier E-Formation'!DP:DP,MATCH('Tab Habilitation'!B5&"AAMEDLINK1",'Fichier E-Formation'!DM:DM&'Fichier E-Formation'!DO:DO,0)),"")} | BS5: {=IFERROR(INDEX('Fichier E-Formation'!DP:DP,MATCH('Tab Habilitation'!B5&"ACDTIPINTV",'Fichier E-Formation'!DM:DM&'Fichier E-Formation'!DO:DO,0)),"")} | BT5: {=IFERROR(INDEX('Fichier E-Formation'!DP:DP,MATCH('Tab Habilitation'!B5&"AAMEDFADTC",'Fichier E-Formation'!DM:DM&'Fichier E-Formation'!DO:DO,0)),"")} | BU5: {=IFERROR(INDEX('Fichier E-Formation'!DP:DP,MATCH('Tab Habilitation'!B5&"AEDRVA",'Fichier E-Formation'!DM:DM&'Fichier E-Formation'!DO:DO,0)),"")} | BV5: {=IFERROR(INDEX('Fichier E-Formation'!DP:DP,MATCH('Tab Habilitation'!B5&"AEDRVAR",'Fichier E-Formation'!DM:DM&'Fichier E-Formation'!DO:DO,0)),"")} | BW5: {=IFERROR(INDEX('Fichier E-Formation'!DP:DP,MATCH('Tab Habilitation'!B5&"ADN8064",'Fichier E-Formation'!DM:DM&'Fichier E-Formation'!DO:DO,0)),"")} | BX5: {=IFERROR(INDEX('Fichier E-Formation'!DP:DP,MATCH('Tab Habilitation'!B5&"AERDFT934",'Fichier E-Formation'!DM:DM&'Fichier E-Formation'!DO:DO,0)),"")}
A6: TOULON | B6: A3 | E6: TIP | H6: {=IFERROR(INDEX('Fichier E-Formation'!DP:DP,MATCH('Tab Habilitation'!B6&"AAMEDS0001",'Fichier E-Formation'!DM:DM&'Fichier E-Formation'!DO:DO,0)),"")} | I6: {=IFERROR(INDEX('Fichier E-Formation'!DP:DP,MATCH('Tab Habilitation'!B6&"AAMEDS0002",'Fichier E-Formation'!DM:DM&'Fichier E-Formation'!DO:DO,0)),"")} -> 42626 | J6: {=IFERROR(INDEX('Fichier E-Formation'!DP:DP,MATCH('Tab Habilitation'!B6&"AERDFT907",'Fichier E-Formation'!DM:DM&'Fichier E-Formation'!DO:DO,0)),"")} | K6: {=IFERROR(INDEX('Fichier E-Formation'!DP:DP,MATCH('Tab Habilitation'!B6&"ADNTINO",'Fichier E-Formation'!DM:DM&'Fichier E-Formation'!DO:DO,0)),"")} | L6: {=IFERROR(INDEX('Fichier E-Formation'!DP:DP,MATCH('Tab Habilitation'!B6&"AAMEDT908",'Fichier E-Formation'!DM:DM&'Fichier E-Formation'!DO:DO,0)),"")} | M6: {=IFERROR(INDEX('Fichier E-Formation'!DP:DP,MATCH('Tab Habilitation'!B6&"ADNTSTBATI",'Fichier E-Formation'!DM:DM&'Fichier E-Formation'!DO:DO,0)),"")} | O6: {=IFERROR(INDEX('Fichier E-Formation'!DP:DP,MATCH('Tab Habilitation'!B6&"ADNTSTEME",'Fichier E-Formation'!DM:DM&'Fichier E-Formation'!DO:DO,0)),"")} | Q6: {=IFERROR(INDEX('Fichier E-Formation'!DP:DP,MATCH('Tab Habilitation'!B6&"ADNTSTRTI",'Fichier E-Formation'!DM:DM&'Fichier E-Formation'!DO:DO,0)),"")} | S6: {=IFERROR(INDEX('Fichier E-Formation'!DP:DP,MATCH('Tab Habilitation'!B6&"ADNTSTTRIC",'Fichier E-Formation'!DM:DM&'Fichier E-Formation'!DO:DO,0)),"")} | U6: {=IFERROR(INDEX('Fichier E-Formation'!DP:DP,MATCH('Tab Habilitation'!B6&"ADNTSTSOU",'Fichier E-Formation'!DM:DM&'Fichier E-Formation'!DO:DO,0)),"")} | W6: {=IFERROR(INDEX('Fichier E-Formation'!DP:DP,MATCH('Tab Habilitation'!B6&"ADNTSTBRT",'Fichier E-Formation'!DM:DM&'Fichier E-Formation'!DO:DO,0)),"")} | Y6: {=IFERROR(INDEX('Fichier E-Formation'!DP:DP,MATCH('Tab Habilitation'!B6&"ADNTSTAER",'Fichier E-Formation'!DM:DM&'Fichier E-Formation'!DO:DO,0)),"")} | AA6: {=IFERROR(INDEX('Fichier E-Formation'!DP:DP,MATCH('Tab Habilitation'!B6&"ADNTSTCIS",'Fichier E-Formation'!DM:DM&'Fichier E-Formation'!DO:DO,0)),"")} | AC6: {=IFERROR(INDEX('Fichier E-Formation'!DP:DP,MATCH('Tab Habilitation'!B6&"ADNTSTRAET",'Fichier E-Formation'!DM:DM&'Fichier E-Formation'!DO:DO,0)),"")} | AE6: {=IFERROR(INDEX('Fichier E-Formation'!DP:DP,MATCH('Tab Habilitation'!B6&"ADNTSTRTOT",'Fichier E-Formation'!DM:DM&'Fichier E-Formation'!DO:DO,0)),"")} | AG6: {=IFERROR(INDEX('Fichier E-Formation'!DP:DP,MATCH('Tab Habilitation'!B6&"ADNTSTCCFC",'Fichier E-Formation'!DM:DM&'Fichier E-Formation'!DO:DO,0)),"")} | AI6: {=IFERROR(INDEX('Fichier E-Formation'!DP:DP,MATCH('Tab Habilitation'!B6&"ADNRDCBT",'Fichier E-Formation'!DM:DM&'Fichier E-Formation'!DO:DO,0)),"")} | AJ6: {=IFERROR(INDEX('Fichier E-Formation'!DP:DP,MATCH('Tab Habilitation'!B6&"ADNTIP02B",'Fichier E-Formation'!DM:DM&'Fichier E-Formation'!DO:DO,0)),"")} | AK6: {=IFERROR(INDEX('Fichier E-Formation'!DP:DP,MATCH('Tab Habilitation'!B6&"ADNTIP00B",'Fichier E-Formation'!DM:DM&'Fichier E-Formation'!DO:DO,0)),"")} | AL6: {=IFERROR(INDEX('Fichier E-Formation'!DP:DP,MATCH('Tab Habilitation'!B6&"ADNTIP02AI",'Fichier E-Formation'!DM:DM&'Fichier E-Formation'!DO:DO,0)),"")} | AM6: {=IFERROR(INDEX('Fichier E-Formation'!DP:DP,MATCH('Tab Habilitation'!B6&"ADNT001",'Fichier E-Formation'!DM:DM&'Fichier E-Formation'!DO:DO,0)),"")} | AO6: {=IFERROR(INDEX('Fichier E-Formation'!DP:DP,MATCH('Tab Habilitation'!B6&"ADNT002",'Fichier E-Formation'!DM:DM&'Fichier E-Formation'!DO:DO,0)),"")} | AQ6: {=IFERROR(INDEX('Fichier E-Formation'!DP:DP,MATCH('Tab Habilitation'!B6&"ADNT003",'Fichier E-Formation'!DM:DM&'Fichier E-Formation'!DO:DO,0)),"")} | AS6: {=IFERROR(INDEX('Fichier E-Formation'!DP:DP,MATCH('Tab Habilitation'!B6&"ADNT004",'Fichier E-Formation'!DM:DM&'Fichier E-Formation'!DO:DO,0)),"")} | AU6: {=IFERROR(INDEX('Fichier E-Formation'!DP:DP,MATCH('Tab Habilitation'!B6&"AERDFFPEMPI",'Fichier E-Formation'!DM:DM&'Fichier E-Formation'!DO:DO,0)),"")} | AV6: {=IFERROR(INDEX('Fichier E-Formation'!DP:DP,MATCH('Tab Habilitation'!B6&"AERDFPEMPR",'Fichier E-Formation'!DM:DM&'Fichier E-Formation'!DO:DO,0)),"")} | AX6: {=IFERROR(INDEX('Fichier E-Formation'!DP:DP,MATCH('Tab Habilitation'!B6&"AERDFGRUA1",'Fichier E-Formation'!DM:DM&'Fichier E-Formation'!DO:DO,0)),"")} | AY6: {=IFERROR(INDEX('Fichier E-Formation'!DP:DP,MATCH('Tab Habilitation'!B6&"AERDFGRUR1",'Fichier E-Formation'!DM:DM&'Fichier E-Formation'!DO:DO,0)),"")} | BA6: {=IFERROR(INDEX('Fichier E-Formation'!DP:DP,MATCH('Tab Habilitation'!B6&"AEMEDP0001",'Fichier E-Formation'!DM:DM&'Fichier E-Formation'!DO:DO,0)),"")} | BC6: {=IFERROR(INDEX('Fichier E-Formation'!DP:DP,MATCH('Tab Habilitation'!B6&"AEMEDEP015",'Fichier E-Formation'!DM:DM&'Fichier E-Formation'!DO:DO,0)),"")} | BF6: {=IFERROR(INDEX('Fichier E-Formation'!DP:DP,MATCH('Tab Habilitation'!B6&"ADN2993",'Fichier E-Formation'!DM:DM&'Fichier E-Formation'!DO:DO,0)),"")} | BG6: {=IFERROR(INDEX('Fichier E-Formation'!DP:DP,MATCH('Tab Habilitation'!B6&"ADN2995",'Fichier E-Formation'!DM:DM&'Fichier E-Formation'!DO:DO,0)),"")} | BI6: {=IFERROR(INDEX('Fichier E-Formation'!DP:DP,MATCH('Tab Habilitation'!B6&"ADN2994",'Fichier E-Formation'!DM:DM&'Fichier E-Formation'!DO:DO,0)),"")} | BJ6: {=IFERROR(INDEX('Fichier E-Formation'!DP:DP,MATCH('Tab Habilitation'!B6&"ADN2996",'Fichier E-Formation'!DM:DM&'Fichier E-Formation'!DO:DO,0)),"")} | BL6: {=IFERROR(INDEX('Fichier E-Formation'!DP:DP,MATCH('Tab Habilitation'!B6&"AERDFFT941B",'Fichier E-Formation'!DM:DM&'Fichier E-Formation'!DO:DO,0)),"")} | BN6: {=IFERROR(INDEX('Fichier E-Formation'!DP:DP,MATCH('Tab Habilitation'!B6&"ACDLY08",'Fichier E-Formation'!DM:DM&'Fichier E-Formation'!DO:DO,0)),"")} | BO6: {=IFERROR(INDEX('Fichier E-Formation'!DP:DP,MATCH('Tab Habilitation'!B6&"ACDLY13",'Fichier E-Formation'!DM:DM&'Fichier E-Formation'!DO:DO,0)),"")} | BP6: {=IFERROR(INDEX('Fichier E-Formation'!DP:DP,MATCH('Tab Habilitation'!B6&"ACDCK007",'Fichier E-Formation'!DM:DM&'Fichier E-Formation'!DO:DO,0)),"")} | BQ6: {=IFERROR(INDEX('Fichier E-Formation'!DP:DP,MATCH('Tab Habilitation'!B6&"ACDLY1",'Fichier E-Formation'!DM:DM&'Fichier E-Formation'!DO:DO,0)),"")} | BR6: {=IFERROR(INDEX('Fichier E-Formation'!DP:DP,MATCH('Tab Habilitation'!B6&"AAMEDLINK1",'Fichier E-Formation'!DM:DM&'Fichier E-Formation'!DO:DO,0)),"")} | BS6: {=IFERROR(INDEX('Fichier E-Formation'!DP:DP,MATCH('Tab Habilitation'!B6&"ACDTIPINTV",'Fichier E-Formation'!DM:DM&'Fichier E-Formation'!DO:DO,0)),"")} | BT6: {=IFERROR(INDEX('Fichier E-Formation'!DP:DP,MATCH('Tab Habilitation'!B6&"AAMEDFADTC",'Fichier E-Formation'!DM:DM&'Fichier E-Formation'!DO:DO,0)),"")} | BU6: {=IFERROR(INDEX('Fichier E-Formation'!DP:DP,MATCH('Tab Habilitation'!B6&"AEDRVA",'Fichier E-Formation'!DM:DM&'Fichier E-Formation'!DO:DO,0)),"")} | BV6: {=IFERROR(INDEX('Fichier E-Formation'!DP:DP,MATCH('Tab Habilitation'!B6&"AEDRVAR",'Fichier E-Formation'!DM:DM&'Fichier E-Formation'!DO:DO,0)),"")} | BW6: {=IFERROR(INDEX('Fichier E-Formation'!DP:DP,MATCH('Tab Habilitation'!B6&"ADN8064",'Fichier E-Formation'!DM:DM&'Fichier E-Formation'!DO:DO,0)),"")} | BX6: {=IFERROR(INDEX('Fichier E-Formation'!DP:DP,MATCH('Tab Habilitation'!B6&"AERDFT934",'Fichier E-Formation'!DM:DM&'Fichier E-Formation'!DO:DO,0)),"")}
A7: TOULON | B7: A4 | E7: TE | H7: {=IFERROR(INDEX('Fichier E-Formation'!DP:DP,MATCH('Tab Habilitation'!B7&"AAMEDS0001",'Fichier E-Formation'!DM:DM&'Fichier E-Formation'!DO:DO,0)),"")} | I7: {=IFERROR(INDEX('Fichier E-Formation'!DP:DP,MATCH('Tab Habilitation'!B7&"AAMEDS0002",'Fichier E-Formation'!DM:DM&'Fichier E-Formation'!DO:DO,0)),"")} | J7: {=IFERROR(INDEX('Fichier E-Formation'!DP:DP,MATCH('Tab Habilitation'!B7&"AERDFT907",'Fichier E-Formation'!DM:DM&'Fichier E-Formation'!DO:DO,0)),"")} | K7: {=IFERROR(INDEX('Fichier E-Formation'!DP:DP,MATCH('Tab Habilitation'!B7&"ADNTINO",'Fichier E-Formation'!DM:DM&'Fichier E-Formation'!DO:DO,0)),"")} | L7: {=IFERROR(INDEX('Fichier E-Formation'!DP:DP,MATCH('Tab Habilitation'!B7&"AAMEDT908",'Fichier E-Formation'!DM:DM&'Fichier E-Formation'!DO:DO,0)),"")} | M7: {=IFERROR(INDEX('Fichier E-Formation'!DP:DP,MATCH('Tab Habilitation'!B7&"ADNTSTBATI",'Fichier E-Formation'!DM:DM&'Fichier E-Formation'!DO:DO,0)),"")} | O7: {=IFERROR(INDEX('Fichier E-Formation'!DP:DP,MATCH('Tab Habilitation'!B7&"ADNTSTEME",'Fichier E-Formation'!DM:DM&'Fichier E-Formation'!DO:DO,0)),"")} | Q7: {=IFERROR(INDEX('Fichier E-Formation'!DP:DP,MATCH('Tab Habilitation'!B7&"ADNTSTRTI",'Fichier E-Formation'!DM:DM&'Fichier E-Formation'!DO:DO,0)),"")} | S7: {=IFERROR(INDEX('Fichier E-Formation'!DP:DP,MATCH('Tab Habilitation'!B7&"ADNTSTTRIC",'Fichier E-Formation'!DM:DM&'Fichier E-Formation'!DO:DO,0)),"")} | U7: {=IFERROR(INDEX('Fichier E-Formation'!DP:DP,MATCH('Tab Habilitation'!B7&"ADNTSTSOU",'Fichier E-Formation'!DM:DM&'Fichier E-Formation'!DO:DO,0)),"")} | W7: {=IFERROR(INDEX('Fichier E-Formation'!DP:DP,MATCH('Tab Habilitation'!B7&"ADNTSTBRT",'Fichier E-Formation'!DM:DM&'Fichier E-Formation'!DO:DO,0)),"")} | Y7: {=IFERROR(INDEX('Fichier E-Formation'!DP:DP,MATCH('Tab Habilitation'!B7&"ADNTSTAER",'Fichier E-Formation'!DM:DM&'Fichier E-Formation'!DO:DO,0)),"")} | AA7: {=IFERROR(INDEX('Fichier E-Formation'!DP:DP,MATCH('Tab Habilitation'!B7&"ADNTSTCIS",'Fichier E-Formation'!DM:DM&'Fichier E-Formation'!DO:DO,0)),"")} | AC7: {=IFERROR(INDEX('Fichier E-Formation'!DP:DP,MATCH('Tab Habilitation'!B7&"ADNTSTRAET",'Fichier E-Formation'!DM:DM&'Fichier E-Formation'!DO:DO,0)),"")} | AE7: {=IFERROR(INDEX('Fichier E-Formation'!DP:DP,MATCH('Tab Habilitation'!B7&"ADNTSTRTOT",'Fichier E-Formation'!DM:DM&'Fichier E-Formation'!DO:DO,0)),"")} | AG7: {=IFERROR(INDEX('Fichier E-Formation'!DP:DP,MATCH('Tab Habilitation'!B7&"ADNTSTCCFC",'Fichier E-Formation'!DM:DM&'Fichier E-Formation'!DO:DO,0)),"")} | AI7: {=IFERROR(INDEX('Fichier E-Formation'!DP:DP,MATCH('Tab Habilitation'!B7&"ADNRDCBT",'Fichier E-Formation'!DM:DM&'Fichier E-Formation'!DO:DO,0)),"")} | AJ7: {=IFERROR(INDEX('Fichier E-Formation'!DP:DP,MATCH('Tab Habilitation'!B7&"ADNTIP02B",'Fichier E-Formation'!DM:DM&'Fichier E-Formation'!DO:DO,0)),"")} | AK7: {=IFERROR(INDEX('Fichier E-Formation'!DP:DP,MATCH('Tab Habilitation'!B7&"ADNTIP00B",'Fichier E-Formation'!DM:DM&'Fichier E-Formation'!DO:DO,0)),"")} | AL7: {=IFERROR(INDEX('Fichier E-Formation'!DP:DP,MATCH('Tab Habilitation'!B7&"ADNTIP02AI",'Fichier E-Formation'!DM:DM&'Fichier E-Formation'!DO:DO,0)),"")} | AM7: {=IFERROR(INDEX('Fichier E-Formation'!DP:DP,MATCH('Tab Habilitation'!B7&"ADNT001",'Fichier E-Formation'!DM:DM&'Fichier E-Formation'!DO:DO,0)),"")} | AO7: {=IFERROR(INDEX('Fichier E-Formation'!DP:DP,MATCH('Tab Habilitation'!B7&"ADNT002",'Fichier E-Formation'!DM:DM&'Fichier E-Formation'!DO:DO,0)),"")} -> 42550 | AQ7: {=IFERROR(INDEX('Fichier E-Formation'!DP:DP,MATCH('Tab Habilitation'!B7&"ADNT003",'Fichier E-Formation'!DM:DM&'Fichier E-Formation'!DO:DO,0)),"")} | AS7: {=IFERROR(INDEX('Fichier E-Formation'!DP:DP,MATCH('Tab Habilitation'!B7&"ADNT004",'Fichier E-Formation'!DM:DM&'Fichier E-Formation'!DO:DO,0)),"")} | AU7: {=IFERROR(INDEX('Fichier E-Formation'!DP:DP,MATCH('Tab Habilitation'!B7&"AERDFFPEMPI",'Fichier E-Formation'!DM:DM&'Fichier E-Formation'!DO:DO,0)),"")} | AV7: {=IFERROR(INDEX('Fichier E-Formation'!DP:DP,MATCH('Tab Habilitation'!B7&"AERDFPEMPR",'Fichier E-Formation'!DM:DM&'Fichier E-Formation'!DO:DO,0)),"")} | AX7: {=IFERROR(INDEX('Fichier E-Formation'!DP:DP,MATCH('Tab Habilitation'!B7&"AERDFGRUA1",'Fichier E-Formation'!DM:DM&'Fichier E-Formation'!DO:DO,0)),"")} | AY7: {=IFERROR(INDEX('Fichier E-Formation'!DP:DP,MATCH('Tab Habilitation'!B7&"AERDFGRUR1",'Fichier E-Formation'!DM:DM&'Fichier E-Formation'!DO:DO,0)),"")} | BA7: {=IFERROR(INDEX('Fichier E-Formation'!DP:DP,MATCH('Tab Habilitation'!B7&"AEMEDP0001",'Fichier E-Formation'!DM:DM&'Fichier E-Formation'!DO:DO,0)),"")} | BC7: {=IFERROR(INDEX('Fichier E-Formation'!DP:DP,MATCH('Tab Habilitation'!B7&"AEMEDEP015",'Fichier E-Formation'!DM:DM&'Fichier E-Formation'!DO:DO,0)),"")} | BF7: {=IFERROR(INDEX('Fichier E-Formation'!DP:DP,MATCH('Tab Habilitation'!B7&"ADN2993",'Fichier E-Formation'!DM:DM&'Fichier E-Formation'!DO:DO,0)),"")} | BG7: {=IFERROR(INDEX('Fichier E-Formation'!DP:DP,MATCH('Tab Habilitation'!B7&"ADN2995",'Fichier E-Formation'!DM:DM&'Fichier E-Formation'!DO:DO,0)),"")} | BI7: {=IFERROR(INDEX('Fichier E-Formation'!DP:DP,MATCH('Tab Habilitation'!B7&"ADN2994",'Fichier E-Formation'!DM:DM&'Fichier E-Formation'!DO:DO,0)),"")} | BJ7: {=IFERROR(INDEX('Fichier E-Formation'!DP:DP,MATCH('Tab Habilitation'!B7&"ADN2996",'Fichier E-Formation'!DM:DM&'Fichier E-Formation'!DO:DO,0)),"")} | BL7: {=IFERROR(INDEX('Fichier E-Formation'!DP:DP,MATCH('Tab Habilitation'!B7&"AERDFFT941B",'Fichier E-Formation'!DM:DM&'Fichier E-Formation'!DO:DO,0)),"")} | BN7: {=IFERROR(INDEX('Fichier E-Formation'!DP:DP,MATCH('Tab Habilitation'!B7&"ACDLY08",'Fichier E-Formation'!DM:DM&'Fichier E-Formation'!DO:DO,0)),"")} | BO7: {=IFERROR(INDEX('Fichier E-Formation'!DP:DP,MATCH('Tab Habilitation'!B7&"ACDLY13",'Fichier E-Formation'!DM:DM&'Fichier E-Formation'!DO:DO,0)),"")} | BP7: {=IFERROR(INDEX('Fichier E-Formation'!DP:DP,MATCH('Tab Habilitation'!B7&"ACDCK007",'Fichier E-Formation'!DM:DM&'Fichier E-Formation'!DO:DO,0)),"")} | BQ7: {=IFERROR(INDEX('Fichier E-Formation'!DP:DP,MATCH('Tab Habilitation'!B7&"ACDLY1",'Fichier E-Formation'!DM:DM&'Fichier E-Formation'!DO:DO,0)),"")} | BR7: {=IFERROR(INDEX('Fichier E-Formation'!DP:DP,MATCH('Tab Habilitation'!B7&"AAMEDLINK1",'Fichier E-Formation'!DM:DM&'Fichier E-Formation'!DO:DO,0)),"")} | BS7: {=IFERROR(INDEX('Fichier E-Formation'!DP:DP,MATCH('Tab Habilitation'!B7&"ACDTIPINTV",'Fichier E-Formation'!DM:DM&'Fichier E-Formation'!DO:DO,0)),"")} | BT7: {=IFERROR(INDEX('Fichier E-Formation'!DP:DP,MATCH('Tab Habilitation'!B7&"AAMEDFADTC",'Fichier E-Formation'!DM:DM&'Fichier E-Formation'!DO:DO,0)),"")} | BU7: {=IFERROR(INDEX('Fichier E-Formation'!DP:DP,MATCH('Tab Habilitation'!B7&"AEDRVA",'Fichier E-Formation'!DM:DM&'Fichier E-Formation'!DO:DO,0)),"")} | BV7: {=IFERROR(INDEX('Fichier E-Formation'!DP:DP,MATCH('Tab Habilitation'!B7&"AEDRVAR",'Fichier E-Formation'!DM:DM&'Fichier E-Formation'!DO:DO,0)),"")} | BW7: {=IFERROR(INDEX('Fichier E-Formation'!DP:DP,MATCH('Tab Habilitation'!B7&"ADN8064",'Fichier E-Formation'!DM:DM&'Fichier E-Formation'!DO:DO,0)),"")} | BX7: {=IFERROR(INDEX('Fichier E-Formation'!DP:DP,MATCH('Tab Habilitation'!B7&"AERDFT934",'Fichier E-Formation'!DM:DM&'Fichier E-Formation'!DO:DO,0)),"")}
A8: TOULON | B8: A5 | E8: TIR | H8: {=IFERROR(INDEX('Fichier E-Formation'!DP:DP,MATCH('Tab Habilitation'!B8&"AAMEDS0001",'Fichier E-Formation'!DM:DM&'Fichier E-Formation'!DO:DO,0)),"")} | I8: {=IFERROR(INDEX('Fichier E-Formation'!DP:DP,MATCH('Tab Habilitation'!B8&"AAMEDS0002",'Fichier E-Formation'!DM:DM&'Fichier E-Formation'!DO:DO,0)),"")} | J8: {=IFERROR(INDEX('Fichier E-Formation'!DP:DP,MATCH('Tab Habilitation'!B8&"AERDFT907",'Fichier E-Formation'!DM:DM&'Fichier E-Formation'!DO:DO,0)),"")} | K8: {=IFERROR(INDEX('Fichier E-Formation'!DP:DP,MATCH('Tab Habilitation'!B8&"ADNTINO",'Fichier E-Formation'!DM:DM&'Fichier E-Formation'!DO:DO,0)),"")} | L8: {=IFERROR(INDEX('Fichier E-Formation'!DP:DP,MATCH('Tab Habilitation'!B8&"AAMEDT908",'Fichier E-Formation'!DM:DM&'Fichier E-Formation'!DO:DO,0)),"")} -> 42508 | M8: {=IFERROR(INDEX('Fichier E-Formation'!DP:DP,MATCH('Tab Habilitation'!B8&"ADNTSTBATI",'Fichier E-Formation'!DM:DM&'Fichier E-Formation'!DO:DO,0)),"")} | O8: {=IFERROR(INDEX('Fichier E-Formation'!DP:DP,MATCH('Tab Habilitation'!B8&"ADNTSTEME",'Fichier E-Formation'!DM:DM&'Fichier E-Formation'!DO:DO,0)),"")} | Q8: {=IFERROR(INDEX('Fichier E-Formation'!DP:DP,MATCH('Tab Habilitation'!B8&"ADNTSTRTI",'Fichier E-Formation'!DM:DM&'Fichier E-Formation'!DO:DO,0)),"")} | S8: {=IFERROR(INDEX('Fichier E-Formation'!DP:DP,MATCH('Tab Habilitation'!B8&"ADNTSTTRIC",'Fichier E-Formation'!DM:DM&'Fichier E-Formation'!DO:DO,0)),"")} | U8: {=IFERROR(INDEX('Fichier E-Formation'!DP:DP,MATCH('Tab Habilitation'!B8&"ADNTSTSOU",'Fichier E-Formation'!DM:DM&'Fichier E-Formation'!DO:DO,0)),"")} | W8: {=IFERROR(INDEX('Fichier E-Formation'!DP:DP,MATCH('Tab Habilitation'!B8&"ADNTSTBRT",'Fichier E-Formation'!DM:DM&'Fichier E-Formation'!DO:DO,0)),"")} | Y8: {=IFERROR(INDEX('Fichier E-Formation'!DP:DP,MATCH('Tab Habilitation'!B8&"ADNTSTAER",'Fichier E-Formation'!DM:DM&'Fichier E-Formation'!DO:DO,0)),"")} | AA8: {=IFERROR(INDEX('Fichier E-Formation'!DP:DP,MATCH('Tab Habilitation'!B8&"ADNTSTCIS",'Fichier E-Formation'!DM:DM&'Fichier E-Formation'!DO:DO,0)),"")} | AC8: {=IFERROR(INDEX('Fichier E-Formation'!DP:DP,MATCH('Tab Habilitation'!B8&"ADNTSTRAET",'Fichier E-Formation'!DM:DM&'Fichier E-Formation'!DO:DO,0)),"")} | AE8: {=IFERROR(INDEX('Fichier E-Formation'!DP:DP,MATCH('Tab Habilitation'!B8&"ADNTSTRTOT",'Fichier E-Formation'!DM:DM&'Fichier E-Formation'!DO:DO,0)),"")} | AG8: {=IFERROR(INDEX('Fichier E-Formation'!DP:DP,MATCH('Tab Habilitation'!B8&"ADNTSTCCFC",'Fichier E-Formation'!DM:DM&'Fichier E-Formation'!DO:DO,0)),"")} | AI8: {=IFERROR(INDEX('Fichier E-Formation'!DP:DP,MATCH('Tab Habilitation'!B8&"ADNRDCBT",'Fichier E-Formation'!DM:DM&'Fichier E-Formation'!DO:DO,0)),"")} | AJ8: {=IFERROR(INDEX('Fichier E-Formation'!DP:DP,MATCH('Tab Habilitation'!B8&"ADNTIP02B",'Fichier E-Formation'!DM:DM&'Fichier E-Formation'!DO:DO,0)),"")} | AK8: {=IFERROR(INDEX('Fichier E-Formation'!DP:DP,MATCH('Tab Habilitation'!B8&"ADNTIP00B",'Fichier E-Formation'!DM:DM&'Fichier E-Formation'!DO:DO,0)),"")} | AL8: {=IFERROR(INDEX('Fichier E-Formation'!DP:DP,MATCH('Tab Habilitation'!B8&"ADNTIP02AI",'Fichier E-Formation'!DM:DM&'Fichier E-Formation'!DO:DO,0)),"")} | AM8: {=IFERROR(INDEX('Fichier E-Formation'!DP:DP,MATCH('Tab Habilitation'!B8&"ADNT001",'Fichier E-Formation'!DM:DM&'Fichier E-Formation'!DO:DO,0)),"")} | AO8: {=IFERROR(INDEX('Fichier E-Formation'!DP:DP,MATCH('Tab Habilitation'!B8&"ADNT002",'Fichier E-Formation'!DM:DM&'Fichier E-Formation'!DO:DO,0)),"")} | AQ8: {=IFERROR(INDEX('Fichier E-Formation'!DP:DP,MATCH('Tab Habilitation'!B8&"ADNT003",'Fichier E-Formation'!DM:DM&'Fichier E-Formation'!DO:DO,0)),"")} | AS8: {=IFERROR(INDEX('Fichier E-Formation'!DP:DP,MATCH('Tab Habilitation'!B8&"ADNT004",'Fichier E-Formation'!DM:DM&'Fichier E-Formation'!DO:DO,0)),"")} | AU8: {=IFERROR(INDEX('Fichier E-Formation'!DP:DP,MATCH('Tab Habilitation'!B8&"AERDFFPEMPI",'Fichier E-Formation'!DM:DM&'Fichier E-Formation'!DO:DO,0)),"")} | AV8: {=IFERROR(INDEX('Fichier E-Formation'!DP:DP,MATCH('Tab Habilitation'!B8&"AERDFPEMPR",'Fichier E-Formation'!DM:DM&'Fichier E-Formation'!DO:DO,0)),"")} | AX8: {=IFERROR(INDEX('Fichier E-Formation'!DP:DP,MATCH('Tab Habilitation'!B8&"AERDFGRUA1",'Fichier E-Formation'!DM:DM&'Fichier E-Formation'!DO:DO,0)),"")} | AY8: {=IFERROR(INDEX('Fichier E-Formation'!DP:DP,MATCH('Tab Habilitation'!B8&"AERDFGRUR1",'Fichier E-Formation'!DM:DM&'Fichier E-Formation'!DO:DO,0)),"")} | BA8: {=IFERROR(INDEX('Fichier E-Formation'!DP:DP,MATCH('Tab Habilitation'!B8&"AEMEDP0001",'Fichier E-Formation'!DM:DM&'Fichier E-Formation'!DO:DO,0)),"")} | BC8: {=IFERROR(INDEX('Fichier E-Formation'!DP:DP,MATCH('Tab Habilitation'!B8&"AEMEDEP015",'Fichier E-Formation'!DM:DM&'Fichier E-Formation'!DO:DO,0)),"")} | BF8: {=IFERROR(INDEX('Fichier E-Formation'!DP:DP,MATCH('Tab Habilitation'!B8&"ADN2993",'Fichier E-Formation'!DM:DM&'Fichier E-Formation'!DO:DO,0)),"")} | BG8: {=IFERROR(INDEX('Fichier E-Formation'!DP:DP,MATCH('Tab Habilitation'!B8&"ADN2995",'Fichier E-Formation'!DM:DM&'Fichier E-Formation'!DO:DO,0)),"")} | BI8: {=IFERROR(INDEX('Fichier E-Formation'!DP:DP,MATCH('Tab Habilitation'!B8&"ADN2994",'Fichier E-Formation'!DM:DM&'Fichier E-Formation'!DO:DO,0)),"")} | BJ8: {=IFERROR(INDEX('Fichier E-Formation'!DP:DP,MATCH('Tab Habilitation'!B8&"ADN2996",'Fichier E-Formation'!DM:DM&'Fichier E-Formation'!DO:DO,0)),"")} | BL8: {=IFERROR(INDEX('Fichier E-Formation'!DP:DP,MATCH('Tab Habilitation'!B8&"AERDFFT941B",'Fichier E-Formation'!DM:DM&'Fichier E-Formation'!DO:DO,0)),"")} | BN8: {=IFERROR(INDEX('Fichier E-Formation'!DP:DP,MATCH('Tab Habilitation'!B8&"ACDLY08",'Fichier E-Formation'!DM:DM&'Fichier E-Formation'!DO:DO,0)),"")} | BO8: {=IFERROR(INDEX('Fichier E-Formation'!DP:DP,MATCH('Tab Habilitation'!B8&"ACDLY13",'Fichier E-Formation'!DM:DM&'Fichier E-Formation'!DO:DO,0)),"")} | BP8: {=IFERROR(INDEX('Fichier E-Formation'!DP:DP,MATCH('Tab Habilitation'!B8&"ACDCK007",'Fichier E-Formation'!DM:DM&'Fichier E-Formation'!DO:DO,0)),"")} | BQ8: {=IFERROR(INDEX('Fichier E-Formation'!DP:DP,MATCH('Tab Habilitation'!B8&"ACDLY1",'Fichier E-Formation'!DM:DM&'Fichier E-Formation'!DO:DO,0)),"")} | BR8: {=IFERROR(INDEX('Fichier E-Formation'!DP:DP,MATCH('Tab Habilitation'!B8&"AAMEDLINK1",'Fichier E-Formation'!DM:DM&'Fichier E-Formation'!DO:DO,0)),"")} | BS8: {=IFERROR(INDEX('Fichier E-Formation'!DP:DP,MATCH('Tab Habilitation'!B8&"ACDTIPINTV",'Fichier E-Formation'!DM:DM&'Fichier E-Formation'!DO:DO,0)),"")} | BT8: {=IFERROR(INDEX('Fichier E-Formation'!DP:DP,MATCH('Tab Habilitation'!B8&"AAMEDFADTC",'Fichier E-Formation'!DM:DM&'Fichier E-Formation'!DO:DO,0)),"")} | BU8: {=IFERROR(INDEX('Fichier E-Formation'!DP:DP,MATCH('Tab Habilitation'!B8&"AEDRVA",'Fichier E-Formation'!DM:DM&'Fichier E-Formation'!DO:DO,0)),"")} | BV8: {=IFERROR(INDEX('Fichier E-Formation'!DP:DP,MATCH('Tab Habilitation'!B8&"AEDRVAR",'Fichier E-Formation'!DM:DM&'Fichier E-Formation'!DO:DO,0)),"")} | BW8: {=IFERROR(INDEX('Fichier E-Formation'!DP:DP,MATCH('Tab Habilitation'!B8&"ADN8064",'Fichier E-Formation'!DM:DM&'Fichier E-Formation'!DO:DO,0)),"")} | BX8: {=IFERROR(INDEX('Fichier E-Formation'!DP:DP,MATCH('Tab Habilitation'!B8&"AERDFT934",'Fichier E-Formation'!DM:DM&'Fichier E-Formation'!DO:DO,0)),"")}
A9: TOULON | B9: A6 | E9: TIP | H9: {=IFERROR(INDEX('Fichier E-Formation'!DP:DP,MATCH('Tab Habilitation'!B9&"AAMEDS0001",'Fichier E-Formation'!DM:DM&'Fichier E-Formation'!DO:DO,0)),"")} | I9: {=IFERROR(INDEX('Fichier E-Formation'!DP:DP,MATCH('Tab Habilitation'!B9&"AAMEDS0002",'Fichier E-Formation'!DM:DM&'Fichier E-Formation'!DO:DO,0)),"")} | J9: {=IFERROR(INDEX('Fichier E-Formation'!DP:DP,MATCH('Tab Habilitation'!B9&"AERDFT907",'Fichier E-Formation'!DM:DM&'Fichier E-Formation'!DO:DO,0)),"")} | K9: {=IFERROR(INDEX('Fichier E-Formation'!DP:DP,MATCH('Tab Habilitation'!B9&"ADNTINO",'Fichier E-Formation'!DM:DM&'Fichier E-Formation'!DO:DO,0)),"")} | L9: {=IFERROR(INDEX('Fichier E-Formation'!DP:DP,MATCH('Tab Habilitation'!B9&"AAMEDT908",'Fichier E-Formation'!DM:DM&'Fichier E-Formation'!DO:DO,0)),"")} | M9: {=IFERROR(INDEX('Fichier E-Formation'!DP:DP,MATCH('Tab Habilitation'!B9&"ADNTSTBATI",'Fichier E-Formation'!DM:DM&'Fichier E-Formation'!DO:DO,0)),"")} | O9: {=IFERROR(INDEX('Fichier E-Formation'!DP:DP,MATCH('Tab Habilitation'!B9&"ADNTSTEME",'Fichier E-Formation'!DM:DM&'Fichier E-Formation'!DO:DO,0)),"")} | Q9: {=IFERROR(INDEX('Fichier E-Formation'!DP:DP,MATCH('Tab Habilitation'!B9&"ADNTSTRTI",'Fichier E-Formation'!DM:DM&'Fichier E-Formation'!DO:DO,0)),"")} | S9: {=IFERROR(INDEX('Fichier E-Formation'!DP:DP,MATCH('Tab Habilitation'!B9&"ADNTSTTRIC",'Fichier E-Formation'!DM:DM&'Fichier E-Formation'!DO:DO,0)),"")} | U9: {=IFERROR(INDEX('Fichier E-Formation'!DP:DP,MATCH('Tab Habilitation'!B9&"ADNTSTSOU",'Fichier E-Formation'!DM:DM&'Fichier E-Formation'!DO:DO,0)),"")} | W9: {=IFERROR(INDEX('Fichier E-Formation'!DP:DP,MATCH('Tab Habilitation'!B9&"ADNTSTBRT",'Fichier E-Formation'!DM:DM&'Fichier E-Formation'!DO:DO,0)),"")} | Y9: {=IFERROR(INDEX('Fichier E-Formation'!DP:DP,MATCH('Tab Habilitation'!B9&"ADNTSTAER",'Fichier E-Formation'!DM:DM&'Fichier E-Formation'!DO:DO,0)),"")} | AA9: {=IFERROR(INDEX('Fichier E-Formation'!DP:DP,MATCH('Tab Habilitation'!B9&"ADNTSTCIS",'Fichier E-Formation'!DM:DM&'Fichier E-Formation'!DO:DO,0)),"")} | AC9: {=IFERROR(INDEX('Fichier E-Formation'!DP:DP,MATCH('Tab Habilitation'!B9&"ADNTSTRAET",'Fichier E-Formation'!DM:DM&'Fichier E-Formation'!DO:DO,0)),"")} | AE9: {=IFERROR(INDEX('Fichier E-Formation'!DP:DP,MATCH('Tab Habilitation'!B9&"ADNTSTRTOT",'Fichier E-Formation'!DM:DM&'Fichier E-Formation'!DO:DO,0)),"")} | AG9: {=IFERROR(INDEX('Fichier E-Formation'!DP:DP,MATCH('Tab Habilitation'!B9&"ADNTSTCCFC",'Fichier E-Formation'!DM:DM&'Fichier E-Formation'!DO:DO,0)),"")} | AI9: {=IFERROR(INDEX('Fichier E-Formation'!DP:DP,MATCH('Tab Habilitation'!B9&"ADNRDCBT",'Fichier E-Formation'!DM:DM&'Fichier E-Formation'!DO:DO,0)),"")} | AJ9: {=IFERROR(INDEX('Fichier E-Formation'!DP:DP,MATCH('Tab Habilitation'!B9&"ADNTIP02B",'Fichier E-Formation'!DM:DM&'Fichier E-Formation'!DO:DO,0)),"")} | AK9: {=IFERROR(INDEX('Fichier E-Formation'!DP:DP,MATCH('Tab Habilitation'!B9&"ADNTIP00B",'Fichier E-Formation'!DM:DM&'Fichier E-Formation'!DO:DO,0)),"")} | AL9: {=IFERROR(INDEX('Fichier E-Formation'!DP:DP,MATCH('Tab Habilitation'!B9&"ADNTIP02AI",'Fichier E-Formation'!DM:DM&'Fichier E-Formation'!DO:DO,0)),"")} | AM9: {=IFERROR(INDEX('Fichier E-Formation'!DP:DP,MATCH('Tab Habilitation'!B9&"ADNT001",'Fichier E-Formation'!DM:DM&'Fichier E-Formation'!DO:DO,0)),"")} | AO9: {=IFERROR(INDEX('Fichier E-Formation'!DP:DP,MATCH('Tab Habilitation'!B9&"ADNT002",'Fichier E-Formation'!DM:DM&'Fichier E-Formation'!DO:DO,0)),"")} | AQ9: {=IFERROR(INDEX('Fichier E-Formation'!DP:DP,MATCH('Tab Habilitation'!B9&"ADNT003",'Fichier E-Formation'!DM:DM&'Fichier E-Formation'!DO:DO,0)),"")} | AS9: {=IFERROR(INDEX('Fichier E-Formation'!DP:DP,MATCH('Tab Habilitation'!B9&"ADNT004",'Fichier E-Formation'!DM:DM&'Fichier E-Formation'!DO:DO,0)),"")} | AU9: {=IFERROR(INDEX('Fichier E-Formation'!DP:DP,MATCH('Tab Habilitation'!B9&"AERDFFPEMPI",'Fichier E-Formation'!DM:DM&'Fichier E-Formation'!DO:DO,0)),"")} | AV9: {=IFERROR(INDEX('Fichier E-Formation'!DP:DP,MATCH('Tab Habilitation'!B9&"AERDFPEMPR",'Fichier E-Formation'!DM:DM&'Fichier E-Formation'!DO:DO,0)),"")} | AX9: {=IFERROR(INDEX('Fichier E-Formation'!DP:DP,MATCH('Tab Habilitation'!B9&"AERDFGRUA1",'Fichier E-Formation'!DM:DM&'Fichier E-Formation'!DO:DO,0)),"")} | AY9: {=IFERROR(INDEX('Fichier E-Formation'!DP:DP,MATCH('Tab Habilitation'!B9&"AERDFGRUR1",'Fichier E-Formation'!DM:DM&'Fichier E-Formation'!DO:DO,0)),"")} | BA9: {=IFERROR(INDEX('Fichier E-Formation'!DP:DP,MATCH('Tab Habilitation'!B9&"AEMEDP0001",'Fichier E-Formation'!DM:DM&'Fichier E-Formation'!DO:DO,0)),"")} | BC9: {=IFERROR(INDEX('Fichier E-Formation'!DP:DP,MATCH('Tab Habilitation'!B9&"AEMEDEP015",'Fichier E-Formation'!DM:DM&'Fichier E-Formation'!DO:DO,0)),"")} | BF9: {=IFERROR(INDEX('Fichier E-Formation'!DP:DP,MATCH('Tab Habilitation'!B9&"ADN2993",'Fichier E-Formation'!DM:DM&'Fichier E-Formation'!DO:DO,0)),"")} | BG9: {=IFERROR(INDEX('Fichier E-Formation'!DP:DP,MATCH('Tab Habilitation'!B9&"ADN2995",'Fichier E-Formation'!DM:DM&'Fichier E-Formation'!DO:DO,0)),"")} | BI9: {=IFERROR(INDEX('Fichier E-Formation'!DP:DP,MATCH('Tab Habilitation'!B9&"ADN2994",'Fichier E-Formation'!DM:DM&'Fichier E-Formation'!DO:DO,0)),"")} -> 42153 | BJ9: {=IFERROR(INDEX('Fichier E-Formation'!DP:DP,MATCH('Tab Habilitation'!B9&"ADN2996",'Fichier E-Formation'!DM:DM&'Fichier E-Formation'!DO:DO,0)),"")} | BL9: {=IFERROR(INDEX('Fichier E-Formation'!DP:DP,MATCH('Tab Habilitation'!B9&"AERDFFT941B",'Fichier E-Formation'!DM:DM&'Fichier E-Formation'!DO:DO,0)),"")} | BN9: {=IFERROR(INDEX('Fichier E-Formation'!DP:DP,MATCH('Tab Habilitation'!B9&"ACDLY08",'Fichier E-Formation'!DM:DM&'Fichier E-Formation'!DO:DO,0)),"")} | BO9: {=IFERROR(INDEX('Fichier E-Formation'!DP:DP,MATCH('Tab Habilitation'!B9&"ACDLY13",'Fichier E-Formation'!DM:DM&'Fichier E-Formation'!DO:DO,0)),"")} | BP9: {=IFERROR(INDEX('Fichier E-Formation'!DP:DP,MATCH('Tab Habilitation'!B9&"ACDCK007",'Fichier E-Formation'!DM:DM&'Fichier E-Formation'!DO:DO,0)),"")} | BQ9: {=IFERROR(INDEX('Fichier E-Formation'!DP:DP,MATCH('Tab Habilitation'!B9&"ACDLY1",'Fichier E-Formation'!DM:DM&'Fichier E-Formation'!DO:DO,0)),"")} | BR9: {=IFERROR(INDEX('Fichier E-Formation'!DP:DP,MATCH('Tab Habilitation'!B9&"AAMEDLINK1",'Fichier E-Formation'!DM:DM&'Fichier E-Formation'!DO:DO,0)),"")} | BS9: {=IFERROR(INDEX('Fichier E-Formation'!DP:DP,MATCH('Tab Habilitation'!B9&"ACDTIPINTV",'Fichier E-Formation'!DM:DM&'Fichier E-Formation'!DO:DO,0)),"")} | BT9: {=IFERROR(INDEX('Fichier E-Formation'!DP:DP,MATCH('Tab Habilitation'!B9&"AAMEDFADTC",'Fichier E-Formation'!DM:DM&'Fichier E-Formation'!DO:DO,0)),"")} | BU9: {=IFERROR(INDEX('Fichier E-Formation'!DP:DP,MATCH('Tab Habilitation'!B9&"AEDRVA",'Fichier E-Formation'!DM:DM&'Fichier E-Formation'!DO:DO,0)),"")} | BV9: {=IFERROR(INDEX('Fichier E-Formation'!DP:DP,MATCH('Tab Habilitation'!B9&"AEDRVAR",'Fichier E-Formation'!DM:DM&'Fichier E-Formation'!DO:DO,0)),"")} | BW9: {=IFERROR(INDEX('Fichier E-Formation'!DP:DP,MATCH('Tab Habilitation'!B9&"ADN8064",'Fichier E-Formation'!DM:DM&'Fichier E-Formation'!DO:DO,0)),"")} | BX9: {=IFERROR(INDEX('Fichier E-Formation'!DP:DP,MATCH('Tab Habilitation'!B9&"AERDFT934",'Fichier E-Formation'!DM:DM&'Fichier E-Formation'!DO:DO,0)),"")}
A10: TOULON | B10: A7 | E10: TIP | H10: {=IFERROR(INDEX('Fichier E-Formation'!DP:DP,MATCH('Tab Habilitation'!B10&"AAMEDS0001",'Fichier E-Formation'!DM:DM&'Fichier E-Formation'!DO:DO,0)),"")} | I10: {=IFERROR(INDEX('Fichier E-Formation'!DP:DP,MATCH('Tab Habilitation'!B10&"AAMEDS0002",'Fichier E-Formation'!DM:DM&'Fichier E-Formation'!DO:DO,0)),"")} | J10: {=IFERROR(INDEX('Fichier E-Formation'!DP:DP,MATCH('Tab Habilitation'!B10&"AERDFT907",'Fichier E-Formation'!DM:DM&'Fichier E-Formation'!DO:DO,0)),"")} | K10: {=IFERROR(INDEX('Fichier E-Formation'!DP:DP,MATCH('Tab Habilitation'!B10&"ADNTINO",'Fichier E-Formation'!DM:DM&'Fichier E-Formation'!DO:DO,0)),"")} | L10: {=IFERROR(INDEX('Fichier E-Formation'!DP:DP,MATCH('Tab Habilitation'!B10&"AAMEDT908",'Fichier E-Formation'!DM:DM&'Fichier E-Formation'!DO:DO,0)),"")} | M10: {=IFERROR(INDEX('Fichier E-Formation'!DP:DP,MATCH('Tab Habilitation'!B10&"ADNTSTBATI",'Fichier E-Formation'!DM:DM&'Fichier E-Formation'!DO:DO,0)),"")} | O10: {=IFERROR(INDEX('Fichier E-Formation'!DP:DP,MATCH('Tab Habilitation'!B10&"ADNTSTEME",'Fichier E-Formation'!DM:DM&'Fichier E-Formation'!DO:DO,0)),"")} | Q10: {=IFERROR(INDEX('Fichier E-Formation'!DP:DP,MATCH('Tab Habilitation'!B10&"ADNTSTRTI",'Fichier E-Formation'!DM:DM&'Fichier E-Formation'!DO:DO,0)),"")} | S10: {=IFERROR(INDEX('Fichier E-Formation'!DP:DP,MATCH('Tab Habilitation'!B10&"ADNTSTTRIC",'Fichier E-Formation'!DM:DM&'Fichier E-Formation'!DO:DO,0)),"")} | U10: {=IFERROR(INDEX('Fichier E-Formation'!DP:DP,MATCH('Tab Habilitation'!B10&"ADNTSTSOU",'Fichier E-Formation'!DM:DM&'Fichier E-Formation'!DO:DO,0)),"")} | W10: {=IFERROR(INDEX('Fichier E-Formation'!DP:DP,MATCH('Tab Habilitation'!B10&"ADNTSTBRT",'Fichier E-Formation'!DM:DM&'Fichier E-Formation'!DO:DO,0)),"")} | Y10: {=IFERROR(INDEX('Fichier E-Formation'!DP:DP,MATCH('Tab Habilitation'!B10&"ADNTSTAER",'Fichier E-Formation'!DM:DM&'Fichier E-Formation'!DO:DO,0)),"")} | AA10: {=IFERROR(INDEX('Fichier E-Formation'!DP:DP,MATCH('Tab Habilitation'!B10&"ADNTSTCIS",'Fichier E-Formation'!DM:DM&'Fichier E-Formation'!DO:DO,0)),"")} | AC10: {=IFERROR(INDEX('Fichier E-Formation'!DP:DP,MATCH('Tab Habilitation'!B10&"ADNTSTRAET",'Fichier E-Formation'!DM:DM&'Fichier E-Formation'!DO:DO,0)),"")} | AE10: {=IFERROR(INDEX('Fichier E-Formation'!DP:DP,MATCH('Tab Habilitation'!B10&"ADNTSTRTOT",'Fichier E-Formation'!DM:DM&'Fichier E-Formation'!DO:DO,0)),"")} -> 42146 | AG10: {=IFERROR(INDEX('Fichier E-Formation'!DP:DP,MATCH('Tab Habilitation'!B10&"ADNTSTCCFC",'Fichier E-Formation'!DM:DM&'Fichier E-Formation'!DO:DO,0)),"")} | AI10: {=IFERROR(INDEX('Fichier E-Formation'!DP:DP,MATCH('Tab Habilitation'!B10&"ADNRDCBT",'Fichier E-Formation'!DM:DM&'Fichier E-Formation'!DO:DO,0)),"")} | AJ10: {=IFERROR(INDEX('Fichier E-Formation'!DP:DP,MATCH('Tab Habilitation'!B10&"ADNTIP02B",'Fichier E-Formation'!DM:DM&'Fichier E-Formation'!DO:DO,0)),"")} | AK10: {=IFERROR(INDEX('Fichier E-Formation'!DP:DP,MATCH('Tab Habilitation'!B10&"ADNTIP00B",'Fichier E-Formation'!DM:DM&'Fichier E-Formation'!DO:DO,0)),"")} | AL10: {=IFERROR(INDEX('Fichier E-Formation'!DP:DP,MATCH('Tab Habilitation'!B10&"ADNTIP02AI",'Fichier E-Formation'!DM:DM&'Fichier E-Formation'!DO:DO,0)),"")} | AM10: {=IFERROR(INDEX('Fichier E-Formation'!DP:DP,MATCH('Tab Habilitation'!B10&"ADNT001",'Fichier E-Formation'!DM:DM&'Fichier E-Formation'!DO:DO,0)),"")} | AO10: {=IFERROR(INDEX('Fichier E-Formation'!DP:DP,MATCH('Tab Habilitation'!B10&"ADNT002",'Fichier E-Formation'!DM:DM&'Fichier E-Formation'!DO:DO,0)),"")} | AQ10: {=IFERROR(INDEX('Fichier E-Formation'!DP:DP,MATCH('Tab Habilitation'!B10&"ADNT003",'Fichier E-Formation'!DM:DM&'Fichier E-Formation'!DO:DO,0)),"")} | AS10: {=IFERROR(INDEX('Fichier E-Formation'!DP:DP,MATCH('Tab Habilitation'!B10&"ADNT004",'Fichier E-Formation'!DM:DM&'Fichier E-Formation'!DO:DO,0)),"")} | AU10: {=IFERROR(INDEX('Fichier E-Formation'!DP:DP,MATCH('Tab Habilitation'!B10&"AERDFFPEMPI",'Fichier E-Formation'!DM:DM&'Fichier E-Formation'!DO:DO,0)),"")} | AV10: {=IFERROR(INDEX('Fichier E-Formation'!DP:DP,MATCH('Tab Habilitation'!B10&"AERDFPEMPR",'Fichier E-Formation'!DM:DM&'Fichier E-Formation'!DO:DO,0)),"")} | AX10: {=IFERROR(INDEX('Fichier E-Formation'!DP:DP,MATCH('Tab Habilitation'!B10&"AERDFGRUA1",'Fichier E-Formation'!DM:DM&'Fichier E-Formation'!DO:DO,0)),"")} | AY10: {=IFERROR(INDEX('Fichier E-Formation'!DP:DP,MATCH('Tab Habilitation'!B10&"AERDFGRUR1",'Fichier E-Formation'!DM:DM&'Fichier E-Formation'!DO:DO,0)),"")} | BA10: {=IFERROR(INDEX('Fichier E-Formation'!DP:DP,MATCH('Tab Habilitation'!B10&"AEMEDP0001",'Fichier E-Formation'!DM:DM&'Fichier E-Formation'!DO:DO,0)),"")} | BC10: {=IFERROR(INDEX('Fichier E-Formation'!DP:DP,MATCH('Tab Habilitation'!B10&"AEMEDEP015",'Fichier E-Formation'!DM:DM&'Fichier E-Formation'!DO:DO,0)),"")} | BF10: {=IFERROR(INDEX('Fichier E-Formation'!DP:DP,MATCH('Tab Habilitation'!B10&"ADN2993",'Fichier E-Formation'!DM:DM&'Fichier E-Formation'!DO:DO,0)),"")} | BG10: {=IFERROR(INDEX('Fichier E-Formation'!DP:DP,MATCH('Tab Habilitation'!B10&"ADN2995",'Fichier E-Formation'!DM:DM&'Fichier E-Formation'!DO:DO,0)),"")} | BI10: {=IFERROR(INDEX('Fichier E-Formation'!DP:DP,MATCH('Tab Habilitation'!B10&"ADN2994",'Fichier E-Formation'!DM:DM&'Fichier E-Formation'!DO:DO,0)),"")} | BJ10: {=IFERROR(INDEX('Fichier E-Formation'!DP:DP,MATCH('Tab Habilitation'!B10&"ADN2996",'Fichier E-Formation'!DM:DM&'Fichier E-Formation'!DO:DO,0)),"")} | BL10: {=IFERROR(INDEX('Fichier E-Formation'!DP:DP,MATCH('Tab Habilitation'!B10&"AERDFFT941B",'Fichier E-Formation'!DM:DM&'Fichier E-Formation'!DO:DO,0)),"")} | BN10: {=IFERROR(INDEX('Fichier E-Formation'!DP:DP,MATCH('Tab Habilitation'!B10&"ACDLY08",'Fichier E-Formation'!DM:DM&'Fichier E-Formation'!DO:DO,0)),"")} | BO10: {=IFERROR(INDEX('Fichier E-Formation'!DP:DP,MATCH('Tab Habilitation'!B10&"ACDLY13",'Fichier E-Formation'!DM:DM&'Fichier E-Formation'!DO:DO,0)),"")} | BP10: {=IFERROR(INDEX('Fichier E-Formation'!DP:DP,MATCH('Tab Habilitation'!B10&"ACDCK007",'Fichier E-Formation'!DM:DM&'Fichier E-Formation'!DO:DO,0)),"")} | BQ10: {=IFERROR(INDEX('Fichier E-Formation'!DP:DP,MATCH('Tab Habilitation'!B10&"ACDLY1",'Fichier E-Formation'!DM:DM&'Fichier E-Formation'!DO:DO,0)),"")} | BR10: {=IFERROR(INDEX('Fichier E-Formation'!DP:DP,MATCH('Tab Habilitation'!B10&"AAMEDLINK1",'Fichier E-Formation'!DM:DM&'Fichier E-Formation'!DO:DO,0)),"")} | BS10: {=IFERROR(INDEX('Fichier E-Formation'!DP:DP,MATCH('Tab Habilitation'!B10&"ACDTIPINTV",'Fichier E-Formation'!DM:DM&'Fichier E-Formation'!DO:DO,0)),"")} | BT10: {=IFERROR(INDEX('Fichier E-Formation'!DP:DP,MATCH('Tab Habilitation'!B10&"AAMEDFADTC",'Fichier E-Formation'!DM:DM&'Fichier E-Formation'!DO:DO,0)),"")} | BU10: {=IFERROR(INDEX('Fichier E-Formation'!DP:DP,MATCH('Tab Habilitation'!B10&"AEDRVA",'Fichier E-Formation'!DM:DM&'Fichier E-Formation'!DO:DO,0)),"")} | BV10: {=IFERROR(INDEX('Fichier E-Formation'!DP:DP,MATCH('Tab Habilitation'!B10&"AEDRVAR",'Fichier E-Formation'!DM:DM&'Fichier E-Formation'!DO:DO,0)),"")} | BW10: {=IFERROR(INDEX('Fichier E-Formation'!DP:DP,MATCH('Tab Habilitation'!B10&"ADN8064",'Fichier E-Formation'!DM:DM&'Fichier E-Formation'!DO:DO,0)),"")} | BX10: {=IFERROR(INDEX('Fichier E-Formation'!DP:DP,MATCH('Tab Habilitation'!B10&"AERDFT934",'Fichier E-Formation'!DM:DM&'Fichier E-Formation'!DO:DO,0)),"")}
A11: TOULON | B11: A8 | E11: TIR | H11: {=IFERROR(INDEX('Fichier E-Formation'!DP:DP,MATCH('Tab Habilitation'!B11&"AAMEDS0001",'Fichier E-Formation'!DM:DM&'Fichier E-Formation'!DO:DO,0)),"")} | I11: {=IFERROR(INDEX('Fichier E-Formation'!DP:DP,MATCH('Tab Habilitation'!B11&"AAMEDS0002",'Fichier E-Formation'!DM:DM&'Fichier E-Formation'!DO:DO,0)),"")} | J11: {=IFERROR(INDEX('Fichier E-Formation'!DP:DP,MATCH('Tab Habilitation'!B11&"AERDFT907",'Fichier E-Formation'!DM:DM&'Fichier E-Formation'!DO:DO,0)),"")} | K11: {=IFERROR(INDEX('Fichier E-Formation'!DP:DP,MATCH('Tab Habilitation'!B11&"ADNTINO",'Fichier E-Formation'!DM:DM&'Fichier E-Formation'!DO:DO,0)),"")} | L11: {=IFERROR(INDEX('Fichier E-Formation'!DP:DP,MATCH('Tab Habilitation'!B11&"AAMEDT908",'Fichier E-Formation'!DM:DM&'Fichier E-Formation'!DO:DO,0)),"")} | M11: {=IFERROR(INDEX('Fichier E-Formation'!DP:DP,MATCH('Tab Habilitation'!B11&"ADNTSTBATI",'Fichier E-Formation'!DM:DM&'Fichier E-Formation'!DO:DO,0)),"")} | O11: {=IFERROR(INDEX('Fichier E-Formation'!DP:DP,MATCH('Tab Habilitation'!B11&"ADNTSTEME",'Fichier E-Formation'!DM:DM&'Fichier E-Formation'!DO:DO,0)),"")} | Q11: {=IFERROR(INDEX('Fichier E-Formation'!DP:DP,MATCH('Tab Habilitation'!B11&"ADNTSTRTI",'Fichier E-Formation'!DM:DM&'Fichier E-Formation'!DO:DO,0)),"")} | S11: {=IFERROR(INDEX('Fichier E-Formation'!DP:DP,MATCH('Tab Habilitation'!B11&"ADNTSTTRIC",'Fichier E-Formation'!DM:DM&'Fichier E-Formation'!DO:DO,0)),"")} | U11: {=IFERROR(INDEX('Fichier E-Formation'!DP:DP,MATCH('Tab Habilitation'!B11&"ADNTSTSOU",'Fichier E-Formation'!DM:DM&'Fichier E-Formation'!DO:DO,0)),"")} | W11: {=IFERROR(INDEX('Fichier E-Formation'!DP:DP,MATCH('Tab Habilitation'!B11&"ADNTSTBRT",'Fichier E-Formation'!DM:DM&'Fichier E-Formation'!DO:DO,0)),"")} | Y11: {=IFERROR(INDEX('Fichier E-Formation'!DP:DP,MATCH('Tab Habilitation'!B11&"ADNTSTAER",'Fichier E-Formation'!DM:DM&'Fichier E-Formation'!DO:DO,0)),"")} | AA11: {=IFERROR(INDEX('Fichier E-Formation'!DP:DP,MATCH('Tab Habilitation'!B11&"ADNTSTCIS",'Fichier E-Formation'!DM:DM&'Fichier E-Formation'!DO:DO,0)),"")} | AC11: {=IFERROR(INDEX('Fichier E-Formation'!DP:DP,MATCH('Tab Habilitation'!B11&"ADNTSTRAET",'Fichier E-Formation'!DM:DM&'Fichier E-Formation'!DO:DO,0)),"")} | AE11: {=IFERROR(INDEX('Fichier E-Formation'!DP:DP,MATCH('Tab Habilitation'!B11&"ADNTSTRTOT",'Fichier E-Formation'!DM:DM&'Fichier E-Formation'!DO:DO,0)),"")} | AG11: {=IFERROR(INDEX('Fichier E-Formation'!DP:DP,MATCH('Tab Habilitation'!B11&"ADNTSTCCFC",'Fichier E-Formation'!DM:DM&'Fichier E-Formation'!DO:DO,0)),"")} | AI11: {=IFERROR(INDEX('Fichier E-Formation'!DP:DP,MATCH('Tab Habilitation'!B11&"ADNRDCBT",'Fichier E-Formation'!DM:DM&'Fichier E-Formation'!DO:DO,0)),"")} | AJ11: {=IFERROR(INDEX('Fichier E-Formation'!DP:DP,MATCH('Tab Habilitation'!B11&"ADNTIP02B",'Fichier E-Formation'!DM:DM&'Fichier E-Formation'!DO:DO,0)),"")} | AK11: {=IFERROR(INDEX('Fichier E-Formation'!DP:DP,MATCH('Tab Habilitation'!B11&"ADNTIP00B",'Fichier E-Formation'!DM:DM&'Fichier E-Formation'!DO:DO,0)),"")} | AL11: {=IFERROR(INDEX('Fichier E-Formation'!DP:DP,MATCH('Tab Habilitation'!B11&"ADNTIP02AI",'Fichier E-Formation'!DM:DM&'Fichier E-Formation'!DO:DO,0)),"")} | AM11: {=IFERROR(INDEX('Fichier E-Formation'!DP:DP,MATCH('Tab Habilitation'!B11&"ADNT001",'Fichier E-Formation'!DM:DM&'Fichier E-Formation'!DO:DO,0)),"")} | AO11: {=IFERROR(INDEX('Fichier E-Formation'!DP:DP,MATCH('Tab Habilitation'!B11&"ADNT002",'Fichier E-Formation'!DM:DM&'Fichier E-Formation'!DO:DO,0)),"")} | AQ11: {=IFERROR(INDEX('Fichier E-Formation'!DP:DP,MATCH('Tab Habilitation'!B11&"ADNT003",'Fichier E-Formation'!DM:DM&'Fichier E-Formation'!DO:DO,0)),"")} | AS11: {=IFERROR(INDEX('Fichier E-Formation'!DP:DP,MATCH('Tab Habilitation'!B11&"ADNT004",'Fichier E-Formation'!DM:DM&'Fichier E-Formation'!DO:DO,0)),"")} | AU11: {=IFERROR(INDEX('Fichier E-Formation'!DP:DP,MATCH('Tab Habilitation'!B11&"AERDFFPEMPI",'Fichier E-Formation'!DM:DM&'Fichier E-Formation'!DO:DO,0)),"")} | AV11: {=IFERROR(INDEX('Fichier E-Formation'!DP:DP,MATCH('Tab Habilitation'!B11&"AERDFPEMPR",'Fichier E-Formation'!DM:DM&'Fichier E-Formation'!DO:DO,0)),"")} | AX11: {=IFERROR(INDEX('Fichier E-Formation'!DP:DP,MATCH('Tab Habilitation'!B11&"AERDFGRUA1",'Fichier E-Formation'!DM:DM&'Fichier E-Formation'!DO:DO,0)),"")} | AY11: {=IFERROR(INDEX('Fichier E-Formation'!DP:DP,MATCH('Tab Habilitation'!B11&"AERDFGRUR1",'Fichier E-Formation'!DM:DM&'Fichier E-Formation'!DO:DO,0)),"")} | BA11: {=IFERROR(INDEX('Fichier E-Formation'!DP:DP,MATCH('Tab Habilitation'!B11&"AEMEDP0001",'Fichier E-Formation'!DM:DM&'Fichier E-Formation'!DO:DO,0)),"")} | BC11: {=IFERROR(INDEX('Fichier E-Formation'!DP:DP,MATCH('Tab Habilitation'!B11&"AEMEDEP015",'Fichier E-Formation'!DM:DM&'Fichier E-Formation'!DO:DO,0)),"")} | BF11: {=IFERROR(INDEX('Fichier E-Formation'!DP:DP,MATCH('Tab Habilitation'!B11&"ADN2993",'Fichier E-Formation'!DM:DM&'Fichier E-Formation'!DO:DO,0)),"")} | BG11: {=IFERROR(INDEX('Fichier E-Formation'!DP:DP,MATCH('Tab Habilitation'!B11&"ADN2995",'Fichier E-Formation'!DM:DM&'Fichier E-Formation'!DO:DO,0)),"")} | BI11: {=IFERROR(INDEX('Fichier E-Formation'!DP:DP,MATCH('Tab Habilitation'!B11&"ADN2994",'Fichier E-Formation'!DM:DM&'Fichier E-Formation'!DO:DO,0)),"")} | BJ11: {=IFERROR(INDEX('Fichier E-Formation'!DP:DP,MATCH('Tab Habilitation'!B11&"ADN2996",'Fichier E-Formation'!DM:DM&'Fichier E-Formation'!DO:DO,0)),"")} | BL11: {=IFERROR(INDEX('Fichier E-Formation'!DP:DP,MATCH('Tab Habilitation'!B11&"AERDFFT941B",'Fichier E-Formation'!DM:DM&'Fichier E-Formation'!DO:DO,0)),"")} | BN11: {=IFERROR(INDEX('Fichier E-Formation'!DP:DP,MATCH('Tab Habilitation'!B11&"ACDLY08",'Fichier E-Formation'!DM:DM&'Fichier E-Formation'!DO:DO,0)),"")} | BO11: {=IFERROR(INDEX('Fichier E-Formation'!DP:DP,MATCH('Tab Habilitation'!B11&"ACDLY13",'Fichier E-Formation'!DM:DM&'Fichier E-Formation'!DO:DO,0)),"")} | BP11: {=IFERROR(INDEX('Fichier E-Formation'!DP:DP,MATCH('Tab Habilitation'!B11&"ACDCK007",'Fichier E-Formation'!DM:DM&'Fichier E-Formation'!DO:DO,0)),"")} | BQ11: {=IFERROR(INDEX('Fichier E-Formation'!DP:DP,MATCH('Tab Habilitation'!B11&"ACDLY1",'Fichier E-Formation'!DM:DM&'Fichier E-Formation'!DO:DO,0)),"")} | BR11: {=IFERROR(INDEX('Fichier E-Formation'!DP:DP,MATCH('Tab Habilitation'!B11&"AAMEDLINK1",'Fichier E-Formation'!DM:DM&'Fichier E-Formation'!DO:DO,0)),"")} | BS11: {=IFERROR(INDEX('Fichier E-Formation'!DP:DP,MATCH('Tab Habilitation'!B11&"ACDTIPINTV",'Fichier E-Formation'!DM:DM&'Fichier E-Formation'!DO:DO,0)),"")} | BT11: {=IFERROR(INDEX('Fichier E-Formation'!DP:DP,MATCH('Tab Habilitation'!B11&"AAMEDFADTC",'Fichier E-Formation'!DM:DM&'Fichier E-Formation'!DO:DO,0)),"")} | BU11: {=IFERROR(INDEX('Fichier E-Formation'!DP:DP,MATCH('Tab Habilitation'!B11&"AEDRVA",'Fichier E-Formation'!DM:DM&'Fichier E-Formation'!DO:DO,0)),"")} | BV11: {=IFERROR(INDEX('Fichier E-Formation'!DP:DP,MATCH('Tab Habilitation'!B11&"AEDRVAR",'Fichier E-Formation'!DM:DM&'Fichier E-Formation'!DO:DO,0)),"")} | BW11: {=IFERROR(INDEX('Fichier E-Formation'!DP:DP,MATCH('Tab Habilitation'!B11&"ADN8064",'Fichier E-Formation'!DM:DM&'Fichier E-Formation'!DO:DO,0)),"")} | BX11: {=IFERROR(INDEX('Fichier E-Formation'!DP:DP,MATCH('Tab Habilitation'!B11&"AERDFT934",'Fichier E-Formation'!DM:DM&'Fichier E-Formation'!DO:DO,0)),"")} -> 42115
A12: TOULON | B12: A9 | E12: RE | H12: {=IFERROR(INDEX('Fichier E-Formation'!DP:DP,MATCH('Tab Habilitation'!B12&"AAMEDS0001",'Fichier E-Formation'!DM:DM&'Fichier E-Formation'!DO:DO,0)),"")} | I12: {=IFERROR(INDEX('Fichier E-Formation'!DP:DP,MATCH('Tab Habilitation'!B12&"AAMEDS0002",'Fichier E-Formation'!DM:DM&'Fichier E-Formation'!DO:DO,0)),"")} | J12: {=IFERROR(INDEX('Fichier E-Formation'!DP:DP,MATCH('Tab Habilitation'!B12&"AERDFT907",'Fichier E-Formation'!DM:DM&'Fichier E-Formation'!DO:DO,0)),"")} | K12: {=IFERROR(INDEX('Fichier E-Formation'!DP:DP,MATCH('Tab Habilitation'!B12&"ADNTINO",'Fichier E-Formation'!DM:DM&'Fichier E-Formation'!DO:DO,0)),"")} | L12: {=IFERROR(INDEX('Fichier E-Formation'!DP:DP,MATCH('Tab Habilitation'!B12&"AAMEDT908",'Fichier E-Formation'!DM:DM&'Fichier E-Formation'!DO:DO,0)),"")} | M12: {=IFERROR(INDEX('Fichier E-Formation'!DP:DP,MATCH('Tab Habilitation'!B12&"ADNTSTBATI",'Fichier E-Formation'!DM:DM&'Fichier E-Formation'!DO:DO,0)),"")} | O12: {=IFERROR(INDEX('Fichier E-Formation'!DP:DP,MATCH('Tab Habilitation'!B12&"ADNTSTEME",'Fichier E-Formation'!DM:DM&'Fichier E-Formation'!DO:DO,0)),"")} | Q12: {=IFERROR(INDEX('Fichier E-Formation'!DP:DP,MATCH('Tab Habilitation'!B12&"ADNTSTRTI",'Fichier E-Formation'!DM:DM&'Fichier E-Formation'!DO:DO,0)),"")} | S12: {=IFERROR(INDEX('Fichier E-Formation'!DP:DP,MATCH('Tab Habilitation'!B12&"ADNTSTTRIC",'Fichier E-Formation'!DM:DM&'Fichier E-Formation'!DO:DO,0)),"")} | U12: {=IFERROR(INDEX('Fichier E-Formation'!DP:DP,MATCH('Tab Habilitation'!B12&"ADNTSTSOU",'Fichier E-Formation'!DM:DM&'Fichier E-Formation'!DO:DO,0)),"")} | W12: {=IFERROR(INDEX('Fichier E-Formation'!DP:DP,MATCH('Tab Habilitation'!B12&"ADNTSTBRT",'Fichier E-Formation'!DM:DM&'Fichier E-Formation'!DO:DO,0)),"")} | Y12: {=IFERROR(INDEX('Fichier E-Formation'!DP:DP,MATCH('Tab Habilitation'!B12&"ADNTSTAER",'Fichier E-Formation'!DM:DM&'Fichier E-Formation'!DO:DO,0)),"")} | AA12: {=IFERROR(INDEX('Fichier E-Formation'!DP:DP,MATCH('Tab Habilitation'!B12&"ADNTSTCIS",'Fichier E-Formation'!DM:DM&'Fichier E-Formation'!DO:DO,0)),"")} | AC12: {=IFERROR(INDEX('Fichier E-Formation'!DP:DP,MATCH('Tab Habilitation'!B12&"ADNTSTRAET",'Fichier E-Formation'!DM:DM&'Fichier E-Formation'!DO:DO,0)),"")} | AE12: {=IFERROR(INDEX('Fichier E-Formation'!DP:DP,MATCH('Tab Habilitation'!B12&"ADNTSTRTOT",'Fichier E-Formation'!DM:DM&'Fichier E-Formation'!DO:DO,0)),"")} | AG12: {=IFERROR(INDEX('Fichier E-Formation'!DP:DP,MATCH('Tab Habilitation'!B12&"ADNTSTCCFC",'Fichier E-Formation'!DM:DM&'Fichier E-Formation'!DO:DO,0)),"")} | AI12: {=IFERROR(INDEX('Fichier E-Formation'!DP:DP,MATCH('Tab Habilitation'!B12&"ADNRDCBT",'Fichier E-Formation'!DM:DM&'Fichier E-Formation'!DO:DO,0)),"")} | AJ12: {=IFERROR(INDEX('Fichier E-Formation'!DP:DP,MATCH('Tab Habilitation'!B12&"ADNTIP02B",'Fichier E-Formation'!DM:DM&'Fichier E-Formation'!DO:DO,0)),"")} | AK12: {=IFERROR(INDEX('Fichier E-Formation'!DP:DP,MATCH('Tab Habilitation'!B12&"ADNTIP00B",'Fichier E-Formation'!DM:DM&'Fichier E-Formation'!DO:DO,0)),"")} | AL12: {=IFERROR(INDEX('Fichier E-Formation'!DP:DP,MATCH('Tab Habilitation'!B12&"ADNTIP02AI",'Fichier E-Formation'!DM:DM&'Fichier E-Formation'!DO:DO,0)),"")} | AM12: {=IFERROR(INDEX('Fichier E-Formation'!DP:DP,MATCH('Tab Habilitation'!B12&"ADNT001",'Fichier E-Formation'!DM:DM&'Fichier E-Formation'!DO:DO,0)),"")} | AO12: {=IFERROR(INDEX('Fichier E-Formation'!DP:DP,MATCH('Tab Habilitation'!B12&"ADNT002",'Fichier E-Formation'!DM:DM&'Fichier E-Formation'!DO:DO,0)),"")} | AQ12: {=IFERROR(INDEX('Fichier E-Formation'!DP:DP,MATCH('Tab Habilitation'!B12&"ADNT003",'Fichier E-Formation'!DM:DM&'Fichier E-Formation'!DO:DO,0)),"")} | AS12: {=IFERROR(INDEX('Fichier E-Formation'!DP:DP,MATCH('Tab Habilitation'!B12&"ADNT004",'Fichier E-Formation'!DM:DM&'Fichier E-Formation'!DO:DO,0)),"")} -> 42097 | AU12: {=IFERROR(INDEX('Fichier E-Formation'!DP:DP,MATCH('Tab Habilitation'!B12&"AERDFFPEMPI",'Fichier E-Formation'!DM:DM&'Fichier E-Formation'!DO:DO,0)),"")} | AV12: {=IFERROR(INDEX('Fichier E-Formation'!DP:DP,MATCH('Tab Habilitation'!B12&"AERDFPEMPR",'Fichier E-Formation'!DM:DM&'Fichier E-Formation'!DO:DO,0)),"")} | AX12: {=IFERROR(INDEX('Fichier E-Formation'!DP:DP,MATCH('Tab Habilitation'!B12&"AERDFGRUA1",'Fichier E-Formation'!DM:DM&'Fichier E-Formation'!DO:DO,0)),"")} | AY12: {=IFERROR(INDEX('Fichier E-Formation'!DP:DP,MATCH('Tab Habilitation'!B12&"AERDFGRUR1",'Fichier E-Formation'!DM:DM&'Fichier E-Formation'!DO:DO,0)),"")} | BA12: {=IFERROR(INDEX('Fichier E-Formation'!DP:DP,MATCH('Tab Habilitation'!B12&"AEMEDP0001",'Fichier E-Formation'!DM:DM&'Fichier E-Formation'!DO:DO,0)),"")} | BC12: {=IFERROR(INDEX('Fichier E-Formation'!DP:DP,MATCH('Tab Habilitation'!B12&"AEMEDEP015",'Fichier E-Formation'!DM:DM&'Fichier E-Formation'!DO:DO,0)),"")} | BF12: {=IFERROR(INDEX('Fichier E-Formation'!DP:DP,MATCH('Tab Habilitation'!B12&"ADN2993",'Fichier E-Formation'!DM:DM&'Fichier E-Formation'!DO:DO,0)),"")} | BG12: {=IFERROR(INDEX('Fichier E-Formation'!DP:DP,MATCH('Tab Habilitation'!B12&"ADN2995",'Fichier E-Formation'!DM:DM&'Fichier E-Formation'!DO:DO,0)),"")} | BI12: {=IFERROR(INDEX('Fichier E-Formation'!DP:DP,MATCH('Tab Habilitation'!B12&"ADN2994",'Fichier E-Formation'!DM:DM&'Fichier E-Formation'!DO:DO,0)),"")} | BJ12: {=IFERROR(INDEX('Fichier E-Formation'!DP:DP,MATCH('Tab Habilitation'!B12&"ADN2996",'Fichier E-Formation'!DM:DM&'Fichier E-Formation'!DO:DO,0)),"")} | BL12: {=IFERROR(INDEX('Fichier E-Formation'!DP:DP,MATCH('Tab Habilitation'!B12&"AERDFFT941B",'Fichier E-Formation'!DM:DM&'Fichier E-Formation'!DO:DO,0)),"")} | BN12: {=IFERROR(INDEX('Fichier E-Formation'!DP:DP,MATCH('Tab Habilitation'!B12&"ACDLY08",'Fichier E-Formation'!DM:DM&'Fichier E-Formation'!DO:DO,0)),"")} | BO12: {=IFERROR(INDEX('Fichier E-Formation'!DP:DP,MATCH('Tab Habilitation'!B12&"ACDLY13",'Fichier E-Formation'!DM:DM&'Fichier E-Formation'!DO:DO,0)),"")} | BP12: {=IFERROR(INDEX('Fichier E-Formation'!DP:DP,MATCH('Tab Habilitation'!B12&"ACDCK007",'Fichier E-Formation'!DM:DM&'Fichier E-Formation'!DO:DO,0)),"")} | BQ12: {=IFERROR(INDEX('Fichier E-Formation'!DP:DP,MATCH('Tab Habilitation'!B12&"ACDLY1",'Fichier E-Formation'!DM:DM&'Fichier E-Formation'!DO:DO,0)),"")} | BR12: {=IFERROR(INDEX('Fichier E-Formation'!DP:DP,MATCH('Tab Habilitation'!B12&"AAMEDLINK1",'Fichier E-Formation'!DM:DM&'Fichier E-Formation'!DO:DO,0)),"")} | BS12: {=IFERROR(INDEX('Fichier E-Formation'!DP:DP,MATCH('Tab Habilitation'!B12&"ACDTIPINTV",'Fichier E-Formation'!DM:DM&'Fichier E-Formation'!DO:DO,0)),"")} | BT12: {=IFERROR(INDEX('Fichier E-Formation'!DP:DP,MATCH('Tab Habilitation'!B12&"AAMEDFADTC",'Fichier E-Formation'!DM:DM&'Fichier E-Formation'!DO:DO,0)),"")} | BU12: {=IFERROR(INDEX('Fichier E-Formation'!DP:DP,MATCH('Tab Habilitation'!B12&"AEDRVA",'Fichier E-Formation'!DM:DM&'Fichier E-Formation'!DO:DO,0)),"")} | BV12: {=IFERROR(INDEX('Fichier E-Formation'!DP:DP,MATCH('Tab Habilitation'!B12&"AEDRVAR",'Fichier E-Formation'!DM:DM&'Fichier E-Formation'!DO:DO,0)),"")} | BW12: {=IFERROR(INDEX('Fichier E-Formation'!DP:DP,MATCH('Tab Habilitation'!B12&"ADN8064",'Fichier E-Formation'!DM:DM&'Fichier E-Formation'!DO:DO,0)),"")} | BX12: {=IFERROR(INDEX('Fichier E-Formation'!DP:DP,MATCH('Tab Habilitation'!B12&"AERDFT934",'Fichier E-Formation'!DM:DM&'Fichier E-Formation'!DO:DO,0)),"")}
A13: TOULON | B13: A10 | E13: TE | H13: {=IFERROR(INDEX('Fichier E-Formation'!DP:DP,MATCH('Tab Habilitation'!B13&"AAMEDS0001",'Fichier E-Formation'!DM:DM&'Fichier E-Formation'!DO:DO,0)),"")} | I13: {=IFERROR(INDEX('Fichier E-Formation'!DP:DP,MATCH('Tab Habilitation'!B13&"AAMEDS0002",'Fichier E-Formation'!DM:DM&'Fichier E-Formation'!DO:DO,0)),"")} | J13: {=IFERROR(INDEX('Fichier E-Formation'!DP:DP,MATCH('Tab Habilitation'!B13&"AERDFT907",'Fichier E-Formation'!DM:DM&'Fichier E-Formation'!DO:DO,0)),"")} | K13: {=IFERROR(INDEX('Fichier E-Formation'!DP:DP,MATCH('Tab Habilitation'!B13&"ADNTINO",'Fichier E-Formation'!DM:DM&'Fichier E-Formation'!DO:DO,0)),"")} | L13: {=IFERROR(INDEX('Fichier E-Formation'!DP:DP,MATCH('Tab Habilitation'!B13&"AAMEDT908",'Fichier E-Formation'!DM:DM&'Fichier E-Formation'!DO:DO,0)),"")} | M13: {=IFERROR(INDEX('Fichier E-Formation'!DP:DP,MATCH('Tab Habilitation'!B13&"ADNTSTBATI",'Fichier E-Formation'!DM:DM&'Fichier E-Formation'!DO:DO,0)),"")} | O13: {=IFERROR(INDEX('Fichier E-Formation'!DP:DP,MATCH('Tab Habilitation'!B13&"ADNTSTEME",'Fichier E-Formation'!DM:DM&'Fichier E-Formation'!DO:DO,0)),"")} | Q13: {=IFERROR(INDEX('Fichier E-Formation'!DP:DP,MATCH('Tab Habilitation'!B13&"ADNTSTRTI",'Fichier E-Formation'!DM:DM&'Fichier E-Formation'!DO:DO,0)),"")} | S13: {=IFERROR(INDEX('Fichier E-Formation'!DP:DP,MATCH('Tab Habilitation'!B13&"ADNTSTTRIC",'Fichier E-Formation'!DM:DM&'Fichier E-Formation'!DO:DO,0)),"")} | U13: {=IFERROR(INDEX('Fichier E-Formation'!DP:DP,MATCH('Tab Habilitation'!B13&"ADNTSTSOU",'Fichier E-Formation'!DM:DM&'Fichier E-Formation'!DO:DO,0)),"")} | W13: {=IFERROR(INDEX('Fichier E-Formation'!DP:DP,MATCH('Tab Habilitation'!B13&"ADNTSTBRT",'Fichier E-Formation'!DM:DM&'Fichier E-Formation'!DO:DO,0)),"")} | Y13: {=IFERROR(INDEX('Fichier E-Formation'!DP:DP,MATCH('Tab Habilitation'!B13&"ADNTSTAER",'Fichier E-Formation'!DM:DM&'Fichier E-Formation'!DO:DO,0)),"")} | AA13: {=IFERROR(INDEX('Fichier E-Formation'!DP:DP,MATCH('Tab Habilitation'!B13&"ADNTSTCIS",'Fichier E-Formation'!DM:DM&'Fichier E-Formation'!DO:DO,0)),"")} | AC13: {=IFERROR(INDEX('Fichier E-Formation'!DP:DP,MATCH('Tab Habilitation'!B13&"ADNTSTRAET",'Fichier E-Formation'!DM:DM&'Fichier E-Formation'!DO:DO,0)),"")} | AE13: {=IFERROR(INDEX('Fichier E-Formation'!DP:DP,MATCH('Tab Habilitation'!B13&"ADNTSTRTOT",'Fichier E-Formation'!DM:DM&'Fichier E-Formation'!DO:DO,0)),"")} | AG13: {=IFERROR(INDEX('Fichier E-Formation'!DP:DP,MATCH('Tab Habilitation'!B13&"ADNTSTCCFC",'Fichier E-Formation'!DM:DM&'Fichier E-Formation'!DO:DO,0)),"")} | AI13: {=IFERROR(INDEX('Fichier E-Formation'!DP:DP,MATCH('Tab Habilitation'!B13&"ADNRDCBT",'Fichier E-Formation'!DM:DM&'Fichier E-Formation'!DO:DO,0)),"")} | AJ13: {=IFERROR(INDEX('Fichier E-Formation'!DP:DP,MATCH('Tab Habilitation'!B13&"ADNTIP02B",'Fichier E-Formation'!DM:DM&'Fichier E-Formation'!DO:DO,0)),"")} | AK13: {=IFERROR(INDEX('Fichier E-Formation'!DP:DP,MATCH('Tab Habilitation'!B13&"ADNTIP00B",'Fichier E-Formation'!DM:DM&'Fichier E-Formation'!DO:DO,0)),"")} | AL13: {=IFERROR(INDEX('Fichier E-Formation'!DP:DP,MATCH('Tab Habilitation'!B13&"ADNTIP02AI",'Fichier E-Formation'!DM:DM&'Fichier E-Formation'!DO:DO,0)),"")} | AM13: {=IFERROR(INDEX('Fichier E-Formation'!DP:DP,MATCH('Tab Habilitation'!B13&"ADNT001",'Fichier E-Formation'!DM:DM&'Fichier E-Formation'!DO:DO,0)),"")} | AO13: {=IFERROR(INDEX('Fichier E-Formation'!DP:DP,MATCH('Tab Habilitation'!B13&"ADNT002",'Fichier E-Formation'!DM:DM&'Fichier E-Formation'!DO:DO,0)),"")} | AQ13: {=IFERROR(INDEX('Fichier E-Formation'!DP:DP,MATCH('Tab Habilitation'!B13&"ADNT003",'Fichier E-Formation'!DM:DM&'Fichier E-Formation'!DO:DO,0)),"")} | AS13: {=IFERROR(INDEX('Fichier E-Formation'!DP:DP,MATCH('Tab Habilitation'!B13&"ADNT004",'Fichier E-Formation'!DM:DM&'Fichier E-Formation'!DO:DO,0)),"")} | AU13: {=IFERROR(INDEX('Fichier E-Formation'!DP:DP,MATCH('Tab Habilitation'!B13&"AERDFFPEMPI",'Fichier E-Formation'!DM:DM&'Fichier E-Formation'!DO:DO,0)),"")} | AV13: {=IFERROR(INDEX('Fichier E-Formation'!DP:DP,MATCH('Tab Habilitation'!B13&"AERDFPEMPR",'Fichier E-Formation'!DM:DM&'Fichier E-Formation'!DO:DO,0)),"")} | AX13: {=IFERROR(INDEX('Fichier E-Formation'!DP:DP,MATCH('Tab Habilitation'!B13&"AERDFGRUA1",'Fichier E-Formation'!DM:DM&'Fichier E-Formation'!DO:DO,0)),"")} | AY13: {=IFERROR(INDEX('Fichier E-Formation'!DP:DP,MATCH('Tab Habilitation'!B13&"AERDFGRUR1",'Fichier E-Formation'!DM:DM&'Fichier E-Formation'!DO:DO,0)),"")} | BA13: {=IFERROR(INDEX('Fichier E-Formation'!DP:DP,MATCH('Tab Habilitation'!B13&"AEMEDP0001",'Fichier E-Formation'!DM:DM&'Fichier E-Formation'!DO:DO,0)),"")} | BC13: {=IFERROR(INDEX('Fichier E-Formation'!DP:DP,MATCH('Tab Habilitation'!B13&"AEMEDEP015",'Fichier E-Formation'!DM:DM&'Fichier E-Formation'!DO:DO,0)),"")} | BF13: {=IFERROR(INDEX('Fichier E-Formation'!DP:DP,MATCH('Tab Habilitation'!B13&"ADN2993",'Fichier E-Formation'!DM:DM&'Fichier E-Formation'!DO:DO,0)),"")} | BG13: {=IFERROR(INDEX('Fichier E-Formation'!DP:DP,MATCH('Tab Habilitation'!B13&"ADN2995",'Fichier E-Formation'!DM:DM&'Fichier E-Formation'!DO:DO,0)),"")} | BI13: {=IFERROR(INDEX('Fichier E-Formation'!DP:DP,MATCH('Tab Habilitation'!B13&"ADN2994",'Fichier E-Formation'!DM:DM&'Fichier E-Formation'!DO:DO,0)),"")} | BJ13: {=IFERROR(INDEX('Fichier E-Formation'!DP:DP,MATCH('Tab Habilitation'!B13&"ADN2996",'Fichier E-Formation'!DM:DM&'Fichier E-Formation'!DO:DO,0)),"")} | BL13: {=IFERROR(INDEX('Fichier E-Formation'!DP:DP,MATCH('Tab Habilitation'!B13&"AERDFFT941B",'Fichier E-Formation'!DM:DM&'Fichier E-Formation'!DO:DO,0)),"")} | BN13: {=IFERROR(INDEX('Fichier E-Formation'!DP:DP,MATCH('Tab Habilitation'!B13&"ACDLY08",'Fichier E-Formation'!DM:DM&'Fichier E-Formation'!DO:DO,0)),"")} | BO13: {=IFERROR(INDEX('Fichier E-Formation'!DP:DP,MATCH('Tab Habilitation'!B13&"ACDLY13",'Fichier E-Formation'!DM:DM&'Fichier E-Formation'!DO:DO,0)),"")} | BP13: {=IFERROR(INDEX('Fichier E-Formation'!DP:DP,MATCH('Tab Habilitation'!B13&"ACDCK007",'Fichier E-Formation'!DM:DM&'Fichier E-Formation'!DO:DO,0)),"")} | BQ13: {=IFERROR(INDEX('Fichier E-Formation'!DP:DP,MATCH('Tab Habilitation'!B13&"ACDLY1",'Fichier E-Formation'!DM:DM&'Fichier E-Formation'!DO:DO,0)),"")} | BR13: {=IFERROR(INDEX('Fichier E-Formation'!DP:DP,MATCH('Tab Habilitation'!B13&"AAMEDLINK1",'Fichier E-Formation'!DM:DM&'Fichier E-Formation'!DO:DO,0)),"")} | BS13: {=IFERROR(INDEX('Fichier E-Formation'!DP:DP,MATCH('Tab Habilitation'!B13&"ACDTIPINTV",'Fichier E-Formation'!DM:DM&'Fichier E-Formation'!DO:DO,0)),"")} | BT13: {=IFERROR(INDEX('Fichier E-Formation'!DP:DP,MATCH('Tab Habilitation'!B13&"AAMEDFADTC",'Fichier E-Formation'!DM:DM&'Fichier E-Formation'!DO:DO,0)),"")} | BU13: {=IFERROR(INDEX('Fichier E-Formation'!DP:DP,MATCH('Tab Habilitation'!B13&"AEDRVA",'Fichier E-Formation'!DM:DM&'Fichier E-Formation'!DO:DO,0)),"")} | BV13: {=IFERROR(INDEX('Fichier E-Formation'!DP:DP,MATCH('Tab Habilitation'!B13&"AEDRVAR",'Fichier E-Formation'!DM:DM&'Fichier E-Formation'!DO:DO,0)),"")} | BW13: {=IFERROR(INDEX('Fichier E-Formation'!DP:DP,MATCH('Tab Habilitation'!B13&"ADN8064",'Fichier E-Formation'!DM:DM&'Fichier E-Formation'!DO:DO,0)),"")} | BX13: {=IFERROR(INDEX('Fichier E-Formation'!DP:DP,MATCH('Tab Habilitation'!B13&"AERDFT934",'Fichier E-Formation'!DM:DM&'Fichier E-Formation'!DO:DO,0)),"")}
A14: TOULON | B14: A11 | E14: TIP | H14: {=IFERROR(INDEX('Fichier E-Formation'!DP:DP,MATCH('Tab Habilitation'!B14&"AAMEDS0001",'Fichier E-Formation'!DM:DM&'Fichier E-Formation'!DO:DO,0)),"")} | I14: {=IFERROR(INDEX('Fichier E-Formation'!DP:DP,MATCH('Tab Habilitation'!B14&"AAMEDS0002",'Fichier E-Formation'!DM:DM&'Fichier E-Formation'!DO:DO,0)),"")} | J14: {=IFERROR(INDEX('Fichier E-Formation'!DP:DP,MATCH('Tab Habilitation'!B14&"AERDFT907",'Fichier E-Formation'!DM:DM&'Fichier E-Formation'!DO:DO,0)),"")} | K14: {=IFERROR(INDEX('Fichier E-Formation'!DP:DP,MATCH('Tab Habilitation'!B14&"ADNTINO",'Fichier E-Formation'!DM:DM&'Fichier E-Formation'!DO:DO,0)),"")} | L14: {=IFERROR(INDEX('Fichier E-Formation'!DP:DP,MATCH('Tab Habilitation'!B14&"AAMEDT908",'Fichier E-Formation'!DM:DM&'Fichier E-Formation'!DO:DO,0)),"")} | M14: {=IFERROR(INDEX('Fichier E-Formation'!DP:DP,MATCH('Tab Habilitation'!B14&"ADNTSTBATI",'Fichier E-Formation'!DM:DM&'Fichier E-Formation'!DO:DO,0)),"")} | O14: {=IFERROR(INDEX('Fichier E-Formation'!DP:DP,MATCH('Tab Habilitation'!B14&"ADNTSTEME",'Fichier E-Formation'!DM:DM&'Fichier E-Formation'!DO:DO,0)),"")} | Q14: {=IFERROR(INDEX('Fichier E-Formation'!DP:DP,MATCH('Tab Habilitation'!B14&"ADNTSTRTI",'Fichier E-Formation'!DM:DM&'Fichier E-Formation'!DO:DO,0)),"")} | S14: {=IFERROR(INDEX('Fichier E-Formation'!DP:DP,MATCH('Tab Habilitation'!B14&"ADNTSTTRIC",'Fichier E-Formation'!DM:DM&'Fichier E-Formation'!DO:DO,0)),"")} | U14: {=IFERROR(INDEX('Fichier E-Formation'!DP:DP,MATCH('Tab Habilitation'!B14&"ADNTSTSOU",'Fichier E-Formation'!DM:DM&'Fichier E-Formation'!DO:DO,0)),"")} | W14: {=IFERROR(INDEX('Fichier E-Formation'!DP:DP,MATCH('Tab Habilitation'!B14&"ADNTSTBRT",'Fichier E-Formation'!DM:DM&'Fichier E-Formation'!DO:DO,0)),"")} | Y14: {=IFERROR(INDEX('Fichier E-Formation'!DP:DP,MATCH('Tab Habilitation'!B14&"ADNTSTAER",'Fichier E-Formation'!DM:DM&'Fichier E-Formation'!DO:DO,0)),"")} | AA14: {=IFERROR(INDEX('Fichier E-Formation'!DP:DP,MATCH('Tab Habilitation'!B14&"ADNTSTCIS",'Fichier E-Formation'!DM:DM&'Fichier E-Formation'!DO:DO,0)),"")} | AC14: {=IFERROR(INDEX('Fichier E-Formation'!DP:DP,MATCH('Tab Habilitation'!B14&"ADNTSTRAET",'Fichier E-Formation'!DM:DM&'Fichier E-Formation'!DO:DO,0)),"")} | AE14: {=IFERROR(INDEX('Fichier E-Formation'!DP:DP,MATCH('Tab Habilitation'!B14&"ADNTSTRTOT",'Fichier E-Formation'!DM:DM&'Fichier E-Formation'!DO:DO,0)),"")} | AG14: {=IFERROR(INDEX('Fichier E-Formation'!DP:DP,MATCH('Tab Habilitation'!B14&"ADNTSTCCFC",'Fichier E-Formation'!DM:DM&'Fichier E-Formation'!DO:DO,0)),"")} | AI14: {=IFERROR(INDEX('Fichier E-Formation'!DP:DP,MATCH('Tab Habilitation'!B14&"ADNRDCBT",'Fichier E-Formation'!DM:DM&'Fichier E-Formation'!DO:DO,0)),"")} | AJ14: {=IFERROR(INDEX('Fichier E-Formation'!DP:DP,MATCH('Tab Habilitation'!B14&"ADNTIP02B",'Fichier E-Formation'!DM:DM&'Fichier E-Formation'!DO:DO,0)),"")} | AK14: {=IFERROR(INDEX('Fichier E-Formation'!DP:DP,MATCH('Tab Habilitation'!B14&"ADNTIP00B",'Fichier E-Formation'!DM:DM&'Fichier E-Formation'!DO:DO,0)),"")} | AL14: {=IFERROR(INDEX('Fichier E-Formation'!DP:DP,MATCH('Tab Habilitation'!B14&"ADNTIP02AI",'Fichier E-Formation'!DM:DM&'Fichier E-Formation'!DO:DO,0)),"")} | AM14: {=IFERROR(INDEX('Fichier E-Formation'!DP:DP,MATCH('Tab Habilitation'!B14&"ADNT001",'Fichier E-Formation'!DM:DM&'Fichier E-Formation'!DO:DO,0)),"")} | AO14: {=IFERROR(INDEX('Fichier E-Formation'!DP:DP,MATCH('Tab Habilitation'!B14&"ADNT002",'Fichier E-Formation'!DM:DM&'Fichier E-Formation'!DO:DO,0)),"")} | AQ14: {=IFERROR(INDEX('Fichier E-Formation'!DP:DP,MATCH('Tab Habilitation'!B14&"ADNT003",'Fichier E-Formation'!DM:DM&'Fichier E-Formation'!DO:DO,0)),"")} | AS14: {=IFERROR(INDEX('Fichier E-Formation'!DP:DP,MATCH('Tab Habilitation'!B14&"ADNT004",'Fichier E-Formation'!DM:DM&'Fichier E-Formation'!DO:DO,0)),"")} | AU14: {=IFERROR(INDEX('Fichier E-Formation'!DP:DP,MATCH('Tab Habilitation'!B14&"AERDFFPEMPI",'Fichier E-Formation'!DM:DM&'Fichier E-Formation'!DO:DO,0)),"")} | AV14: {=IFERROR(INDEX('Fichier E-Formation'!DP:DP,MATCH('Tab Habilitation'!B14&"AERDFPEMPR",'Fichier E-Formation'!DM:DM&'Fichier E-Formation'!DO:DO,0)),"")} | AX14: {=IFERROR(INDEX('Fichier E-Formation'!DP:DP,MATCH('Tab Habilitation'!B14&"AERDFGRUA1",'Fichier E-Formation'!DM:DM&'Fichier E-Formation'!DO:DO,0)),"")} | AY14: {=IFERROR(INDEX('Fichier E-Formation'!DP:DP,MATCH('Tab Habilitation'!B14&"AERDFGRUR1",'Fichier E-Formation'!DM:DM&'Fichier E-Formation'!DO:DO,0)),"")} | BA14: {=IFERROR(INDEX('Fichier E-Formation'!DP:DP,MATCH('Tab Habilitation'!B14&"AEMEDP0001",'Fichier E-Formation'!DM:DM&'Fichier E-Formation'!DO:DO,0)),"")} | BC14: {=IFERROR(INDEX('Fichier E-Formation'!DP:DP,MATCH('Tab Habilitation'!B14&"AEMEDEP015",'Fichier E-Formation'!DM:DM&'Fichier E-Formation'!DO:DO,0)),"")} | BF14: {=IFERROR(INDEX('Fichier E-Formation'!DP:DP,MATCH('Tab Habilitation'!B14&"ADN2993",'Fichier E-Formation'!DM:DM&'Fichier E-Formation'!DO:DO,0)),"")} | BG14: {=IFERROR(INDEX('Fichier E-Formation'!DP:DP,MATCH('Tab Habilitation'!B14&"ADN2995",'Fichier E-Formation'!DM:DM&'Fichier E-Formation'!DO:DO,0)),"")} | BI14: {=IFERROR(INDEX('Fichier E-Formation'!DP:DP,MATCH('Tab Habilitation'!B14&"ADN2994",'Fichier E-Formation'!DM:DM&'Fichier E-Formation'!DO:DO,0)),"")} | BJ14: {=IFERROR(INDEX('Fichier E-Formation'!DP:DP,MATCH('Tab Habilitation'!B14&"ADN2996",'Fichier E-Formation'!DM:DM&'Fichier E-Formation'!DO:DO,0)),"")} | BL14: {=IFERROR(INDEX('Fichier E-Formation'!DP:DP,MATCH('Tab Habilitation'!B14&"AERDFFT941B",'Fichier E-Formation'!DM:DM&'Fichier E-Formation'!DO:DO,0)),"")} | BN14: {=IFERROR(INDEX('Fichier E-Formation'!DP:DP,MATCH('Tab Habilitation'!B14&"ACDLY08",'Fichier E-Formation'!DM:DM&'Fichier E-Formation'!DO:DO,0)),"")} | BO14: {=IFERROR(INDEX('Fichier E-Formation'!DP:DP,MATCH('Tab Habilitation'!B14&"ACDLY13",'Fichier E-Formation'!DM:DM&'Fichier E-Formation'!DO:DO,0)),"")} | BP14: {=IFERROR(INDEX('Fichier E-Formation'!DP:DP,MATCH('Tab Habilitation'!B14&"ACDCK007",'Fichier E-Formation'!DM:DM&'Fichier E-Formation'!DO:DO,0)),"")} | BQ14: {=IFERROR(INDEX('Fichier E-Formation'!DP:DP,MATCH('Tab Habilitation'!B14&"ACDLY1",'Fichier E-Formation'!DM:DM&'Fichier E-Formation'!DO:DO,0)),"")} | BR14: {=IFERROR(INDEX('Fichier E-Formation'!DP:DP,MATCH('Tab Habilitation'!B14&"AAMEDLINK1",'Fichier E-Formation'!DM:DM&'Fichier E-Formation'!DO:DO,0)),"")} | BS14: {=IFERROR(INDEX('Fichier E-Formation'!DP:DP,MATCH('Tab Habilitation'!B14&"ACDTIPINTV",'Fichier E-Formation'!DM:DM&'Fichier E-Formation'!DO:DO,0)),"")} | BT14: {=IFERROR(INDEX('Fichier E-Formation'!DP:DP,MATCH('Tab Habilitation'!B14&"AAMEDFADTC",'Fichier E-Formation'!DM:DM&'Fichier E-Formation'!DO:DO,0)),"")} | BU14: {=IFERROR(INDEX('Fichier E-Formation'!DP:DP,MATCH('Tab Habilitation'!B14&"AEDRVA",'Fichier E-Formation'!DM:DM&'Fichier E-Formation'!DO:DO,0)),"")} | BV14: {=IFERROR(INDEX('Fichier E-Formation'!DP:DP,MATCH('Tab Habilitation'!B14&"AEDRVAR",'Fichier E-Formation'!DM:DM&'Fichier E-Formation'!DO:DO,0)),"")} | BW14: {=IFERROR(INDEX('Fichier E-Formation'!DP:DP,MATCH('Tab Habilitation'!B14&"ADN8064",'Fichier E-Formation'!DM:DM&'Fichier E-Formation'!DO:DO,0)),"")} | BX14: {=IFERROR(INDEX('Fichier E-Formation'!DP:DP,MATCH('Tab Habilitation'!B14&"AERDFT934",'Fichier E-Formation'!DM:DM&'Fichier E-Formation'!DO:DO,0)),"")}
A15: TOULON | B15: A12 | E15: TIR | H15: {=IFERROR(INDEX('Fichier E-Formation'!DP:DP,MATCH('Tab Habilitation'!B15&"AAMEDS0001",'Fichier E-Formation'!DM:DM&'Fichier E-Formation'!DO:DO,0)),"")} | I15: {=IFERROR(INDEX('Fichier E-Formation'!DP:DP,MATCH('Tab Habilitation'!B15&"AAMEDS0002",'Fichier E-Formation'!DM:DM&'Fichier E-Formation'!DO:DO,0)),"")} | J15: {=IFERROR(INDEX('Fichier E-Formation'!DP:DP,MATCH('Tab Habilitation'!B15&"AERDFT907",'Fichier E-Formation'!DM:DM&'Fichier E-Formation'!DO:DO,0)),"")} | K15: {=IFERROR(INDEX('Fichier E-Formation'!DP:DP,MATCH('Tab Habilitation'!B15&"ADNTINO",'Fichier E-Formation'!DM:DM&'Fichier E-Formation'!DO:DO,0)),"")} | L15: {=IFERROR(INDEX('Fichier E-Formation'!DP:DP,MATCH('Tab Habilitation'!B15&"AAMEDT908",'Fichier E-Formation'!DM:DM&'Fichier E-Formation'!DO:DO,0)),"")} | M15: {=IFERROR(INDEX('Fichier E-Formation'!DP:DP,MATCH('Tab Habilitation'!B15&"ADNTSTBATI",'Fichier E-Formation'!DM:DM&'Fichier E-Formation'!DO:DO,0)),"")} | O15: {=IFERROR(INDEX('Fichier E-Formation'!DP:DP,MATCH('Tab Habilitation'!B15&"ADNTSTEME",'Fichier E-Formation'!DM:DM&'Fichier E-Formation'!DO:DO,0)),"")} | Q15: {=IFERROR(INDEX('Fichier E-Formation'!DP:DP,MATCH('Tab Habilitation'!B15&"ADNTSTRTI",'Fichier E-Formation'!DM:DM&'Fichier E-Formation'!DO:DO,0)),"")} | S15: {=IFERROR(INDEX('Fichier E-Formation'!DP:DP,MATCH('Tab Habilitation'!B15&"ADNTSTTRIC",'Fichier E-Formation'!DM:DM&'Fichier E-Formation'!DO:DO,0)),"")} | U15: {=IFERROR(INDEX('Fichier E-Formation'!DP:DP,MATCH('Tab Habilitation'!B15&"ADNTSTSOU",'Fichier E-Formation'!DM:DM&'Fichier E-Formation'!DO:DO,0)),"")} | W15: {=IFERROR(INDEX('Fichier E-Formation'!DP:DP,MATCH('Tab Habilitation'!B15&"ADNTSTBRT",'Fichier E-Formation'!DM:DM&'Fichier E-Formation'!DO:DO,0)),"")} | Y15: {=IFERROR(INDEX('Fichier E-Formation'!DP:DP,MATCH('Tab Habilitation'!B15&"ADNTSTAER",'Fichier E-Formation'!DM:DM&'Fichier E-Formation'!DO:DO,0)),"")} | AA15: {=IFERROR(INDEX('Fichier E-Formation'!DP:DP,MATCH('Tab Habilitation'!B15&"ADNTSTCIS",'Fichier E-Formation'!DM:DM&'Fichier E-Formation'!DO:DO,0)),"")} | AC15: {=IFERROR(INDEX('Fichier E-Formation'!DP:DP,MATCH('Tab Habilitation'!B15&"ADNTSTRAET",'Fichier E-Formation'!DM:DM&'Fichier E-Formation'!DO:DO,0)),"")} | AE15: {=IFERROR(INDEX('Fichier E-Formation'!DP:DP,MATCH('Tab Habilitation'!B15&"ADNTSTRTOT",'Fichier E-Formation'!DM:DM&'Fichier E-Formation'!DO:DO,0)),"")} | AG15: {=IFERROR(INDEX('Fichier E-Formation'!DP:DP,MATCH('Tab Habilitation'!B15&"ADNTSTCCFC",'Fichier E-Formation'!DM:DM&'Fichier E-Formation'!DO:DO,0)),"")} | AI15: {=IFERROR(INDEX('Fichier E-Formation'!DP:DP,MATCH('Tab Habilitation'!B15&"ADNRDCBT",'Fichier E-Formation'!DM:DM&'Fichier E-Formation'!DO:DO,0)),"")} | AJ15: {=IFERROR(INDEX('Fichier E-Formation'!DP:DP,MATCH('Tab Habilitation'!B15&"ADNTIP02B",'Fichier E-Formation'!DM:DM&'Fichier E-Formation'!DO:DO,0)),"")} | AK15: {=IFERROR(INDEX('Fichier E-Formation'!DP:DP,MATCH('Tab Habilitation'!B15&"ADNTIP00B",'Fichier E-Formation'!DM:DM&'Fichier E-Formation'!DO:DO,0)),"")} | AL15: {=IFERROR(INDEX('Fichier E-Formation'!DP:DP,MATCH('Tab Habilitation'!B15&"ADNTIP02AI",'Fichier E-Formation'!DM:DM&'Fichier E-Formation'!DO:DO,0)),"")} | AM15: {=IFERROR(INDEX('Fichier E-Formation'!DP:DP,MATCH('Tab Habilitation'!B15&"ADNT001",'Fichier E-Formation'!DM:DM&'Fichier E-Formation'!DO:DO,0)),"")} | AO15: {=IFERROR(INDEX('Fichier E-Formation'!DP:DP,MATCH('Tab Habilitation'!B15&"ADNT002",'Fichier E-Formation'!DM:DM&'Fichier E-Formation'!DO:DO,0)),"")} | AQ15: {=IFERROR(INDEX('Fichier E-Formation'!DP:DP,MATCH('Tab Habilitation'!B15&"ADNT003",'Fichier E-Formation'!DM:DM&'Fichier E-Formation'!DO:DO,0)),"")} | AS15: {=IFERROR(INDEX('Fichier E-Formation'!DP:DP,MATCH('Tab Habilitation'!B15&"ADNT004",'Fichier E-Formation'!DM:DM&'Fichier E-Formation'!DO:DO,0)),"")} | AU15: {=IFERROR(INDEX('Fichier E-Formation'!DP:DP,MATCH('Tab Habilitation'!B15&"AERDFFPEMPI",'Fichier E-Formation'!DM:DM&'Fichier E-Formation'!DO:DO,0)),"")} | AV15: {=IFERROR(INDEX('Fichier E-Formation'!DP:DP,MATCH('Tab Habilitation'!B15&"AERDFPEMPR",'Fichier E-Formation'!DM:DM&'Fichier E-Formation'!DO:DO,0)),"")} | AX15: {=IFERROR(INDEX('Fichier E-Formation'!DP:DP,MATCH('Tab Habilitation'!B15&"AERDFGRUA1",'Fichier E-Formation'!DM:DM&'Fichier E-Formation'!DO:DO,0)),"")} | AY15: {=IFERROR(INDEX('Fichier E-Formation'!DP:DP,MATCH('Tab Habilitation'!B15&"AERDFGRUR1",'Fichier E-Formation'!DM:DM&'Fichier E-Formation'!DO:DO,0)),"")} | BA15: {=IFERROR(INDEX('Fichier E-Formation'!DP:DP,MATCH('Tab Habilitation'!B15&"AEMEDP0001",'Fichier E-Formation'!DM:DM&'Fichier E-Formation'!DO:DO,0)),"")} | BC15: {=IFERROR(INDEX('Fichier E-Formation'!DP:DP,MATCH('Tab Habilitation'!B15&"AEMEDEP015",'Fichier E-Formation'!DM:DM&'Fichier E-Formation'!DO:DO,0)),"")} | BF15: {=IFERROR(INDEX('Fichier E-Formation'!DP:DP,MATCH('Tab Habilitation'!B15&"ADN2993",'Fichier E-Formation'!DM:DM&'Fichier E-Formation'!DO:DO,0)),"")} | BG15: {=IFERROR(INDEX('Fichier E-Formation'!DP:DP,MATCH('Tab Habilitation'!B15&"ADN2995",'Fichier E-Formation'!DM:DM&'Fichier E-Formation'!DO:DO,0)),"")} | BI15: {=IFERROR(INDEX('Fichier E-Formation'!DP:DP,MATCH('Tab Habilitation'!B15&"ADN2994",'Fichier E-Formation'!DM:DM&'Fichier E-Formation'!DO:DO,0)),"")} | BJ15: {=IFERROR(INDEX('Fichier E-Formation'!DP:DP,MATCH('Tab Habilitation'!B15&"ADN2996",'Fichier E-Formation'!DM:DM&'Fichier E-Formation'!DO:DO,0)),"")} | BL15: {=IFERROR(INDEX('Fichier E-Formation'!DP:DP,MATCH('Tab Habilitation'!B15&"AERDFFT941B",'Fichier E-Formation'!DM:DM&'Fichier E-Formation'!DO:DO,0)),"")} | BN15: {=IFERROR(INDEX('Fichier E-Formation'!DP:DP,MATCH('Tab Habilitation'!B15&"ACDLY08",'Fichier E-Formation'!DM:DM&'Fichier E-Formation'!DO:DO,0)),"")} | BO15: {=IFERROR(INDEX('Fichier E-Formation'!DP:DP,MATCH('Tab Habilitation'!B15&"ACDLY13",'Fichier E-Formation'!DM:DM&'Fichier E-Formation'!DO:DO,0)),"")} | BP15: {=IFERROR(INDEX('Fichier E-Formation'!DP:DP,MATCH('Tab Habilitation'!B15&"ACDCK007",'Fichier E-Formation'!DM:DM&'Fichier E-Formation'!DO:DO,0)),"")} | BQ15: {=IFERROR(INDEX('Fichier E-Formation'!DP:DP,MATCH('Tab Habilitation'!B15&"ACDLY1",'Fichier E-Formation'!DM:DM&'Fichier E-Formation'!DO:DO,0)),"")} | BR15: {=IFERROR(INDEX('Fichier E-Formation'!DP:DP,MATCH('Tab Habilitation'!B15&"AAMEDLINK1",'Fichier E-Formation'!DM:DM&'Fichier E-Formation'!DO:DO,0)),"")} | BS15: {=IFERROR(INDEX('Fichier E-Formation'!DP:DP,MATCH('Tab Habilitation'!B15&"ACDTIPINTV",'Fichier E-Formation'!DM:DM&'Fichier E-Formation'!DO:DO,0)),"")} | BT15: {=IFERROR(INDEX('Fichier E-Formation'!DP:DP,MATCH('Tab Habilitation'!B15&"AAMEDFADTC",'Fichier E-Formation'!DM:DM&'Fichier E-Formation'!DO:DO,0)),"")} | BU15: {=IFERROR(INDEX('Fichier E-Formation'!DP:DP,MATCH('Tab Habilitation'!B15&"AEDRVA",'Fichier E-Formation'!DM:DM&'Fichier E-Formation'!DO:DO,0)),"")} | BV15: {=IFERROR(INDEX('Fichier E-Formation'!DP:DP,MATCH('Tab Habilitation'!B15&"AEDRVAR",'Fichier E-Formation'!DM:DM&'Fichier E-Formation'!DO:DO,0)),"")} | BW15: {=IFERROR(INDEX('Fichier E-Formation'!DP:DP,MATCH('Tab Habilitation'!B15&"ADN8064",'Fichier E-Formation'!DM:DM&'Fichier E-Formation'!DO:DO,0)),"")} | BX15: {=IFERROR(INDEX('Fichier E-Formation'!DP:DP,MATCH('Tab Habilitation'!B15&"AERDFT934",'Fichier E-Formation'!DM:DM&'Fichier E-Formation'!DO:DO,0)),"")}
... A20: TOULON | B20: A17 | E20: TIP | H20: {=IFERROR(INDEX('Fichier E-Formation'!DP:DP,MATCH('Tab Habilitation'!B20&"AAMEDS0001",'Fichier E-Formation'!DM:DM&'Fichier E-Formation'!DO:DO,0)),"")} | I20: {=IFERROR(INDEX('Fichier E-Formation'!DP:DP,MATCH('Tab Habilitation'!B20&"AAMEDS0002",'Fichier E-Formation'!DM:DM&'Fichier E-Formation'!DO:DO,0)),"")} | J20: {=IFERROR(INDEX('Fichier E-Formation'!DP:DP,MATCH('Tab Habilitation'!B20&"AERDFT907",'Fichier E-Formation'!DM:DM&'Fichier E-Formation'!DO:DO,0)),"")} | K20: {=IFERROR(INDEX('Fichier E-Formation'!DP:DP,MATCH('Tab Habilitation'!B20&"ADNTINO",'Fichier E-Formation'!DM:DM&'Fichier E-Formation'!DO:DO,0)),"")} | L20: {=IFERROR(INDEX('Fichier E-Formation'!DP:DP,MATCH('Tab Habilitation'!B20&"AAMEDT908",'Fichier E-Formation'!DM:DM&'Fichier E-Formation'!DO:DO,0)),"")} | M20: {=IFERROR(INDEX('Fichier E-Formation'!DP:DP,MATCH('Tab Habilitation'!B20&"ADNTSTBATI",'Fichier E-Formation'!DM:DM&'Fichier E-Formation'!DO:DO,0)),"")} | O20: {=IFERROR(INDEX('Fichier E-Formation'!DP:DP,MATCH('Tab Habilitation'!B20&"ADNTSTEME",'Fichier E-Formation'!DM:DM&'Fichier E-Formation'!DO:DO,0)),"")} | Q20: {=IFERROR(INDEX('Fichier E-Formation'!DP:DP,MATCH('Tab Habilitation'!B20&"ADNTSTRTI",'Fichier E-Formation'!DM:DM&'Fichier E-Formation'!DO:DO,0)),"")} | S20: {=IFERROR(INDEX('Fichier E-Formation'!DP:DP,MATCH('Tab Habilitation'!B20&"ADNTSTTRIC",'Fichier E-Formation'!DM:DM&'Fichier E-Formation'!DO:DO,0)),"")} | U20: {=IFERROR(INDEX('Fichier E-Formation'!DP:DP,MATCH('Tab Habilitation'!B20&"ADNTSTSOU",'Fichier E-Formation'!DM:DM&'Fichier E-Formation'!DO:DO,0)),"")} | W20: {=IFERROR(INDEX('Fichier E-Formation'!DP:DP,MATCH('Tab Habilitation'!B20&"ADNTSTBRT",'Fichier E-Formation'!DM:DM&'Fichier E-Formation'!DO:DO,0)),"")} | Y20: {=IFERROR(INDEX('Fichier E-Formation'!DP:DP,MATCH('Tab Habilitation'!B20&"ADNTSTAER",'Fichier E-Formation'!DM:DM&'Fichier E-Formation'!DO:DO,0)),"")} | AA20: {=IFERROR(INDEX('Fichier E-Formation'!DP:DP,MATCH('Tab Habilitation'!B20&"ADNTSTCIS",'Fichier E-Formation'!DM:DM&'Fichier E-Formation'!DO:DO,0)),"")} | AC20: {=IFERROR(INDEX('Fichier E-Formation'!DP:DP,MATCH('Tab Habilitation'!B20&"ADNTSTRAET",'Fichier E-Formation'!DM:DM&'Fichier E-Formation'!DO:DO,0)),"")} | AE20: {=IFERROR(INDEX('Fichier E-Formation'!DP:DP,MATCH('Tab Habilitation'!B20&"ADNTSTRTOT",'Fichier E-Formation'!DM:DM&'Fichier E-Formation'!DO:DO,0)),"")} | AG20: {=IFERROR(INDEX('Fichier E-Formation'!DP:DP,MATCH('Tab Habilitation'!B20&"ADNTSTCCFC",'Fichier E-Formation'!DM:DM&'Fichier E-Formation'!DO:DO,0)),"")} | AI20: {=IFERROR(INDEX('Fichier E-Formation'!DP:DP,MATCH('Tab Habilitation'!B20&"ADNRDCBT",'Fichier E-Formation'!DM:DM&'Fichier E-Formation'!DO:DO,0)),"")} | AJ20: {=IFERROR(INDEX('Fichier E-Formation'!DP:DP,MATCH('Tab Habilitation'!B20&"ADNTIP02B",'Fichier E-Formation'!DM:DM&'Fichier E-Formation'!DO:DO,0)),"")} | AK20: {=IFERROR(INDEX('Fichier E-Formation'!DP:DP,MATCH('Tab Habilitation'!B20&"ADNTIP00B",'Fichier E-Formation'!DM:DM&'Fichier E-Formation'!DO:DO,0)),"")} | AL20: {=IFERROR(INDEX('Fichier E-Formation'!DP:DP,MATCH('Tab Habilitation'!B20&"ADNTIP02AI",'Fichier E-Formation'!DM:DM&'Fichier E-Formation'!DO:DO,0)),"")} | AM20: {=IFERROR(INDEX('Fichier E-Formation'!DP:DP,MATCH('Tab Habilitation'!B20&"ADNT001",'Fichier E-Formation'!DM:DM&'Fichier E-Formation'!DO:DO,0)),"")} | AO20: {=IFERROR(INDEX('Fichier E-Formation'!DP:DP,MATCH('Tab Habilitation'!B20&"ADNT002",'Fichier E-Formation'!DM:DM&'Fichier E-Formation'!DO:DO,0)),"")} | AQ20: {=IFERROR(INDEX('Fichier E-Formation'!DP:DP,MATCH('Tab Habilitation'!B20&"ADNT003",'Fichier E-Formation'!DM:DM&'Fichier E-Formation'!DO:DO,0)),"")} | AS20: {=IFERROR(INDEX('Fichier E-Formation'!DP:DP,MATCH('Tab Habilitation'!B20&"ADNT004",'Fichier E-Formation'!DM:DM&'Fichier E-Formation'!DO:DO,0)),"")} | AU20: {=IFERROR(INDEX('Fichier E-Formation'!DP:DP,MATCH('Tab Habilitation'!B20&"AERDFFPEMPI",'Fichier E-Formation'!DM:DM&'Fichier E-Formation'!DO:DO,0)),"")} | AV20: {=IFERROR(INDEX('Fichier E-Formation'!DP:DP,MATCH('Tab Habilitation'!B20&"AERDFPEMPR",'Fichier E-Formation'!DM:DM&'Fichier E-Formation'!DO:DO,0)),"")} | AX20: {=IFERROR(INDEX('Fichier E-Formation'!DP:DP,MATCH('Tab Habilitation'!B20&"AERDFGRUA1",'Fichier E-Formation'!DM:DM&'Fichier E-Formation'!DO:DO,0)),"")} | AY20: {=IFERROR(INDEX('Fichier E-Formation'!DP:DP,MATCH('Tab Habilitation'!B20&"AERDFGRUR1",'Fichier E-Formation'!DM:DM&'Fichier E-Formation'!DO:DO,0)),"")} | BA20: {=IFERROR(INDEX('Fichier E-Formation'!DP:DP,MATCH('Tab Habilitation'!B20&"AEMEDP0001",'Fichier E-Formation'!DM:DM&'Fichier E-Formation'!DO:DO,0)),"")} | BC20: {=IFERROR(INDEX('Fichier E-Formation'!DP:DP,MATCH('Tab Habilitation'!B20&"AEMEDEP015",'Fichier E-Formation'!DM:DM&'Fichier E-Formation'!DO:DO,0)),"")} | BF20: {=IFERROR(INDEX('Fichier E-Formation'!DP:DP,MATCH('Tab Habilitation'!B20&"ADN2993",'Fichier E-Formation'!DM:DM&'Fichier E-Formation'!DO:DO,0)),"")} | BG20: {=IFERROR(INDEX('Fichier E-Formation'!DP:DP,MATCH('Tab Habilitation'!B20&"ADN2995",'Fichier E-Formation'!DM:DM&'Fichier E-Formation'!DO:DO,0)),"")} | BI20: {=IFERROR(INDEX('Fichier E-Formation'!DP:DP,MATCH('Tab Habilitation'!B20&"ADN2994",'Fichier E-Formation'!DM:DM&'Fichier E-Formation'!DO:DO,0)),"")} | BJ20: {=IFERROR(INDEX('Fichier E-Formation'!DP:DP,MATCH('Tab Habilitation'!B20&"ADN2996",'Fichier E-Formation'!DM:DM&'Fichier E-Formation'!DO:DO,0)),"")} | BL20: {=IFERROR(INDEX('Fichier E-Formation'!DP:DP,MATCH('Tab Habilitation'!B20&"AERDFFT941B",'Fichier E-Formation'!DM:DM&'Fichier E-Formation'!DO:DO,0)),"")} | BN20: {=IFERROR(INDEX('Fichier E-Formation'!DP:DP,MATCH('Tab Habilitation'!B20&"ACDLY08",'Fichier E-Formation'!DM:DM&'Fichier E-Formation'!DO:DO,0)),"")} | BO20: {=IFERROR(INDEX('Fichier E-Formation'!DP:DP,MATCH('Tab Habilitation'!B20&"ACDLY13",'Fichier E-Formation'!DM:DM&'Fichier E-Formation'!DO:DO,0)),"")} | BP20: {=IFERROR(INDEX('Fichier E-Formation'!DP:DP,MATCH('Tab Habilitation'!B20&"ACDCK007",'Fichier E-Formation'!DM:DM&'Fichier E-Formation'!DO:DO,0)),"")} | BQ20: {=IFERROR(INDEX('Fichier E-Formation'!DP:DP,MATCH('Tab Habilitation'!B20&"ACDLY1",'Fichier E-Formation'!DM:DM&'Fichier E-Formation'!DO:DO,0)),"")} | BR20: {=IFERROR(INDEX('Fichier E-Formation'!DP:DP,MATCH('Tab Habilitation'!B20&"AAMEDLINK1",'Fichier E-Formation'!DM:DM&'Fichier E-Formation'!DO:DO,0)),"")} | BS20: {=IFERROR(INDEX('Fichier E-Formation'!DP:DP,MATCH('Tab Habilitation'!B20&"ACDTIPINTV",'Fichier E-Formation'!DM:DM&'Fichier E-Formation'!DO:DO,0)),"")} | BT20: {=IFERROR(INDEX('Fichier E-Formation'!DP:DP,MATCH('Tab Habilitation'!B20&"AAMEDFADTC",'Fichier E-Formation'!DM:DM&'Fichier E-Formation'!DO:DO,0)),"")} | BU20: {=IFERROR(INDEX('Fichier E-Formation'!DP:DP,MATCH('Tab Habilitation'!B20&"AEDRVA",'Fichier E-Formation'!DM:DM&'Fichier E-Formation'!DO:DO,0)),"")} | BV20: {=IFERROR(INDEX('Fichier E-Formation'!DP:DP,MATCH('Tab Habilitation'!B20&"AEDRVAR",'Fichier E-Formation'!DM:DM&'Fichier E-Formation'!DO:DO,0)),"")} | BW20: {=IFERROR(INDEX('Fichier E-Formation'!DP:DP,MATCH('Tab Habilitation'!B20&"ADN8064",'Fichier E-Formation'!DM:DM&'Fichier E-Formation'!DO:DO,0)),"")} | BX20: {=IFERROR(INDEX('Fichier E-Formation'!DP:DP,MATCH('Tab Habilitation'!B20&"AERDFT934",'Fichier E-Formation'!DM:DM&'Fichier E-Formation'!DO:DO,0)),"")}
A21: TOULON | B21: A18 | E21: TIP
A22: TOULON | B22: A19 | E22: RE | H22: {=IFERROR(INDEX('Fichier E-Formation'!DP:DP,MATCH('Tab Habilitation'!B22&"AAMEDS0001",'Fichier E-Formation'!DM:DM&'Fichier E-Formation'!DO:DO,0)),"")} | I22: {=IFERROR(INDEX('Fichier E-Formation'!DP:DP,MATCH('Tab Habilitation'!B22&"AAMEDS0002",'Fichier E-Formation'!DM:DM&'Fichier E-Formation'!DO:DO,0)),"")} | J22: {=IFERROR(INDEX('Fichier E-Formation'!DP:DP,MATCH('Tab Habilitation'!B22&"AERDFT907",'Fichier E-Formation'!DM:DM&'Fichier E-Formation'!DO:DO,0)),"")} | K22: {=IFERROR(INDEX('Fichier E-Formation'!DP:DP,MATCH('Tab Habilitation'!B22&"ADNTINO",'Fichier E-Formation'!DM:DM&'Fichier E-Formation'!DO:DO,0)),"")} | L22: {=IFERROR(INDEX('Fichier E-Formation'!DP:DP,MATCH('Tab Habilitation'!B22&"AAMEDT908",'Fichier E-Formation'!DM:DM&'Fichier E-Formation'!DO:DO,0)),"")} | M22: {=IFERROR(INDEX('Fichier E-Formation'!DP:DP,MATCH('Tab Habilitation'!B22&"ADNTSTBATI",'Fichier E-Formation'!DM:DM&'Fichier E-Formation'!DO:DO,0)),"")} | O22: {=IFERROR(INDEX('Fichier E-Formation'!DP:DP,MATCH('Tab Habilitation'!B22&"ADNTSTEME",'Fichier E-Formation'!DM:DM&'Fichier E-Formation'!DO:DO,0)),"")} | Q22: {=IFERROR(INDEX('Fichier E-Formation'!DP:DP,MATCH('Tab Habilitation'!B22&"ADNTSTRTI",'Fichier E-Formation'!DM:DM&'Fichier E-Formation'!DO:DO,0)),"")} | S22: {=IFERROR(INDEX('Fichier E-Formation'!DP:DP,MATCH('Tab Habilitation'!B22&"ADNTSTTRIC",'Fichier E-Formation'!DM:DM&'Fichier E-Formation'!DO:DO,0)),"")} | U22: {=IFERROR(INDEX('Fichier E-Formation'!DP:DP,MATCH('Tab Habilitation'!B22&"ADNTSTSOU",'Fichier E-Formation'!DM:DM&'Fichier E-Formation'!DO:DO,0)),"")} | W22: {=IFERROR(INDEX('Fichier E-Formation'!DP:DP,MATCH('Tab Habilitation'!B22&"ADNTSTBRT",'Fichier E-Formation'!DM:DM&'Fichier E-Formation'!DO:DO,0)),"")} | Y22: {=IFERROR(INDEX('Fichier E-Formation'!DP:DP,MATCH('Tab Habilitation'!B22&"ADNTSTAER",'Fichier E-Formation'!DM:DM&'Fichier E-Formation'!DO:DO,0)),"")} | AA22: {=IFERROR(INDEX('Fichier E-Formation'!DP:DP,MATCH('Tab Habilitation'!B22&"ADNTSTCIS",'Fichier E-Formation'!DM:DM&'Fichier E-Formation'!DO:DO,0)),"")} | AC22: {=IFERROR(INDEX('Fichier E-Formation'!DP:DP,MATCH('Tab Habilitation'!B22&"ADNTSTRAET",'Fichier E-Formation'!DM:DM&'Fichier E-Formation'!DO:DO,0)),"")} | AE22: {=IFERROR(INDEX('Fichier E-Formation'!DP:DP,MATCH('Tab Habilitation'!B22&"ADNTSTRTOT",'Fichier E-Formation'!DM:DM&'Fichier E-Formation'!DO:DO,0)),"")} | AG22: {=IFERROR(INDEX('Fichier E-Formation'!DP:DP,MATCH('Tab Habilitation'!B22&"ADNTSTCCFC",'Fichier E-Formation'!DM:DM&'Fichier E-Formation'!DO:DO,0)),"")} | AI22: {=IFERROR(INDEX('Fichier E-Formation'!DP:DP,MATCH('Tab Habilitation'!B22&"ADNRDCBT",'Fichier E-Formation'!DM:DM&'Fichier E-Formation'!DO:DO,0)),"")} | AJ22: {=IFERROR(INDEX('Fichier E-Formation'!DP:DP,MATCH('Tab Habilitation'!B22&"ADNTIP02B",'Fichier E-Formation'!DM:DM&'Fichier E-Formation'!DO:DO,0)),"")} | AK22: {=IFERROR(INDEX('Fichier E-Formation'!DP:DP,MATCH('Tab Habilitation'!B22&"ADNTIP00B",'Fichier E-Formation'!DM:DM&'Fichier E-Formation'!DO:DO,0)),"")} | AL22: {=IFERROR(INDEX('Fichier E-Formation'!DP:DP,MATCH('Tab Habilitation'!B22&"ADNTIP02AI",'Fichier E-Formation'!DM:DM&'Fichier E-Formation'!DO:DO,0)),"")} | AM22: {=IFERROR(INDEX('Fichier E-Formation'!DP:DP,MATCH('Tab Habilitation'!B22&"ADNT001",'Fichier E-Formation'!DM:DM&'Fichier E-Formation'!DO:DO,0)),"")} | AO22: {=IFERROR(INDEX('Fichier E-Formation'!DP:DP,MATCH('Tab Habilitation'!B22&"ADNT002",'Fichier E-Formation'!DM:DM&'Fichier E-Formation'!DO:DO,0)),"")} | AQ22: {=IFERROR(INDEX('Fichier E-Formation'!DP:DP,MATCH('Tab Habilitation'!B22&"ADNT003",'Fichier E-Formation'!DM:DM&'Fichier E-Formation'!DO:DO,0)),"")} | AS22: {=IFERROR(INDEX('Fichier E-Formation'!DP:DP,MATCH('Tab Habilitation'!B22&"ADNT004",'Fichier E-Formation'!DM:DM&'Fichier E-Formation'!DO:DO,0)),"")} | AU22: {=IFERROR(INDEX('Fichier E-Formation'!DP:DP,MATCH('Tab Habilitation'!B22&"AERDFFPEMPI",'Fichier E-Formation'!DM:DM&'Fichier E-Formation'!DO:DO,0)),"")} | AV22: {=IFERROR(INDEX('Fichier E-Formation'!DP:DP,MATCH('Tab Habilitation'!B22&"AERDFPEMPR",'Fichier E-Formation'!DM:DM&'Fichier E-Formation'!DO:DO,0)),"")} | AX22: {=IFERROR(INDEX('Fichier E-Formation'!DP:DP,MATCH('Tab Habilitation'!B22&"AERDFGRUA1",'Fichier E-Formation'!DM:DM&'Fichier E-Formation'!DO:DO,0)),"")} | AY22: {=IFERROR(INDEX('Fichier E-Formation'!DP:DP,MATCH('Tab Habilitation'!B22&"AERDFGRUR1",'Fichier E-Formation'!DM:DM&'Fichier E-Formation'!DO:DO,0)),"")} | BA22: {=IFERROR(INDEX('Fichier E-Formation'!DP:DP,MATCH('Tab Habilitation'!B22&"AEMEDP0001",'Fichier E-Formation'!DM:DM&'Fichier E-Formation'!DO:DO,0)),"")} | BC22: {=IFERROR(INDEX('Fichier E-Formation'!DP:DP,MATCH('Tab Habilitation'!B22&"AEMEDEP015",'Fichier E-Formation'!DM:DM&'Fichier E-Formation'!DO:DO,0)),"")} | BF22: {=IFERROR(INDEX('Fichier E-Formation'!DP:DP,MATCH('Tab Habilitation'!B22&"ADN2993",'Fichier E-Formation'!DM:DM&'Fichier E-Formation'!DO:DO,0)),"")} | BG22: {=IFERROR(INDEX('Fichier E-Formation'!DP:DP,MATCH('Tab Habilitation'!B22&"ADN2995",'Fichier E-Formation'!DM:DM&'Fichier E-Formation'!DO:DO,0)),"")} | BI22: {=IFERROR(INDEX('Fichier E-Formation'!DP:DP,MATCH('Tab Habilitation'!B22&"ADN2994",'Fichier E-Formation'!DM:DM&'Fichier E-Formation'!DO:DO,0)),"")} | BJ22: {=IFERROR(INDEX('Fichier E-Formation'!DP:DP,MATCH('Tab Habilitation'!B22&"ADN2996",'Fichier E-Formation'!DM:DM&'Fichier E-Formation'!DO:DO,0)),"")} | BL22: {=IFERROR(INDEX('Fichier E-Formation'!DP:DP,MATCH('Tab Habilitation'!B22&"AERDFFT941B",'Fichier E-Formation'!DM:DM&'Fichier E-Formation'!DO:DO,0)),"")} | BN22: {=IFERROR(INDEX('Fichier E-Formation'!DP:DP,MATCH('Tab Habilitation'!B22&"ACDLY08",'Fichier E-Formation'!DM:DM&'Fichier E-Formation'!DO:DO,0)),"")} | BO22: {=IFERROR(INDEX('Fichier E-Formation'!DP:DP,MATCH('Tab Habilitation'!B22&"ACDLY13",'Fichier E-Formation'!DM:DM&'Fichier E-Formation'!DO:DO,0)),"")} | BP22: {=IFERROR(INDEX('Fichier E-Formation'!DP:DP,MATCH('Tab Habilitation'!B22&"ACDCK007",'Fichier E-Formation'!DM:DM&'Fichier E-Formation'!DO:DO,0)),"")} | BQ22: {=IFERROR(INDEX('Fichier E-Formation'!DP:DP,MATCH('Tab Habilitation'!B22&"ACDLY1",'Fichier E-Formation'!DM:DM&'Fichier E-Formation'!DO:DO,0)),"")} | BR22: {=IFERROR(INDEX('Fichier E-Formation'!DP:DP,MATCH('Tab Habilitation'!B22&"AAMEDLINK1",'Fichier E-Formation'!DM:DM&'Fichier E-Formation'!DO:DO,0)),"")} | BS22: {=IFERROR(INDEX('Fichier E-Formation'!DP:DP,MATCH('Tab Habilitation'!B22&"ACDTIPINTV",'Fichier E-Formation'!DM:DM&'Fichier E-Formation'!DO:DO,0)),"")} | BT22: {=IFERROR(INDEX('Fichier E-Formation'!DP:DP,MATCH('Tab Habilitation'!B22&"AAMEDFADTC",'Fichier E-Formation'!DM:DM&'Fichier E-Formation'!DO:DO,0)),"")} | BU22: {=IFERROR(INDEX('Fichier E-Formation'!DP:DP,MATCH('Tab Habilitation'!B22&"AEDRVA",'Fichier E-Formation'!DM:DM&'Fichier E-Formation'!DO:DO,0)),"")} | BV22: {=IFERROR(INDEX('Fichier E-Formation'!DP:DP,MATCH('Tab Habilitation'!B22&"AEDRVAR",'Fichier E-Formation'!DM:DM&'Fichier E-Formation'!DO:DO,0)),"")} | BW22: {=IFERROR(INDEX('Fichier E-Formation'!DP:DP,MATCH('Tab Habilitation'!B22&"ADN8064",'Fichier E-Formation'!DM:DM&'Fichier E-Formation'!DO:DO,0)),"")} | BX22: {=IFERROR(INDEX('Fichier E-Formation'!DP:DP,MATCH('Tab Habilitation'!B22&"AERDFT934",'Fichier E-Formation'!DM:DM&'Fichier E-Formation'!DO:DO,0)),"")}
A23: TOULON | B23: A20 | E23: TE | H23: {=IFERROR(INDEX('Fichier E-Formation'!DP:DP,MATCH('Tab Habilitation'!B23&"AAMEDS0001",'Fichier E-Formation'!DM:DM&'Fichier E-Formation'!DO:DO,0)),"")} | I23: {=IFERROR(INDEX('Fichier E-Formation'!DP:DP,MATCH('Tab Habilitation'!B23&"AAMEDS0002",'Fichier E-Formation'!DM:DM&'Fichier E-Formation'!DO:DO,0)),"")} | J23: {=IFERROR(INDEX('Fichier E-Formation'!DP:DP,MATCH('Tab Habilitation'!B23&"AERDFT907",'Fichier E-Formation'!DM:DM&'Fichier E-Formation'!DO:DO,0)),"")} | K23: {=IFERROR(INDEX('Fichier E-Formation'!DP:DP,MATCH('Tab Habilitation'!B23&"ADNTINO",'Fichier E-Formation'!DM:DM&'Fichier E-Formation'!DO:DO,0)),"")} | L23: {=IFERROR(INDEX('Fichier E-Formation'!DP:DP,MATCH('Tab Habilitation'!B23&"AAMEDT908",'Fichier E-Formation'!DM:DM&'Fichier E-Formation'!DO:DO,0)),"")} | M23: {=IFERROR(INDEX('Fichier E-Formation'!DP:DP,MATCH('Tab Habilitation'!B23&"ADNTSTBATI",'Fichier E-Formation'!DM:DM&'Fichier E-Formation'!DO:DO,0)),"")} | O23: {=IFERROR(INDEX('Fichier E-Formation'!DP:DP,MATCH('Tab Habilitation'!B23&"ADNTSTEME",'Fichier E-Formation'!DM:DM&'Fichier E-Formation'!DO:DO,0)),"")} | Q23: {=IFERROR(INDEX('Fichier E-Formation'!DP:DP,MATCH('Tab Habilitation'!B23&"ADNTSTRTI",'Fichier E-Formation'!DM:DM&'Fichier E-Formation'!DO:DO,0)),"")} | S23: {=IFERROR(INDEX('Fichier E-Formation'!DP:DP,MATCH('Tab Habilitation'!B23&"ADNTSTTRIC",'Fichier E-Formation'!DM:DM&'Fichier E-Formation'!DO:DO,0)),"")} | U23: {=IFERROR(INDEX('Fichier E-Formation'!DP:DP,MATCH('Tab Habilitation'!B23&"ADNTSTSOU",'Fichier E-Formation'!DM:DM&'Fichier E-Formation'!DO:DO,0)),"")} | W23: {=IFERROR(INDEX('Fichier E-Formation'!DP:DP,MATCH('Tab Habilitation'!B23&"ADNTSTBRT",'Fichier E-Formation'!DM:DM&'Fichier E-Formation'!DO:DO,0)),"")} | Y23: {=IFERROR(INDEX('Fichier E-Formation'!DP:DP,MATCH('Tab Habilitation'!B23&"ADNTSTAER",'Fichier E-Formation'!DM:DM&'Fichier E-Formation'!DO:DO,0)),"")} | AA23: {=IFERROR(INDEX('Fichier E-Formation'!DP:DP,MATCH('Tab Habilitation'!B23&"ADNTSTCIS",'Fichier E-Formation'!DM:DM&'Fichier E-Formation'!DO:DO,0)),"")} | AC23: {=IFERROR(INDEX('Fichier E-Formation'!DP:DP,MATCH('Tab Habilitation'!B23&"ADNTSTRAET",'Fichier E-Formation'!DM:DM&'Fichier E-Formation'!DO:DO,0)),"")} | AE23: {=IFERROR(INDEX('Fichier E-Formation'!DP:DP,MATCH('Tab Habilitation'!B23&"ADNTSTRTOT",'Fichier E-Formation'!DM:DM&'Fichier E-Formation'!DO:DO,0)),"")} | AG23: {=IFERROR(INDEX('Fichier E-Formation'!DP:DP,MATCH('Tab Habilitation'!B23&"ADNTSTCCFC",'Fichier E-Formation'!DM:DM&'Fichier E-Formation'!DO:DO,0)),"")} | AI23: {=IFERROR(INDEX('Fichier E-Formation'!DP:DP,MATCH('Tab Habilitation'!B23&"ADNRDCBT",'Fichier E-Formation'!DM:DM&'Fichier E-Formation'!DO:DO,0)),"")} | AJ23: {=IFERROR(INDEX('Fichier E-Formation'!DP:DP,MATCH('Tab Habilitation'!B23&"ADNTIP02B",'Fichier E-Formation'!DM:DM&'Fichier E-Formation'!DO:DO,0)),"")} | AK23: {=IFERROR(INDEX('Fichier E-Formation'!DP:DP,MATCH('Tab Habilitation'!B23&"ADNTIP00B",'Fichier E-Formation'!DM:DM&'Fichier E-Formation'!DO:DO,0)),"")} | AL23: {=IFERROR(INDEX('Fichier E-Formation'!DP:DP,MATCH('Tab Habilitation'!B23&"ADNTIP02AI",'Fichier E-Formation'!DM:DM&'Fichier E-Formation'!DO:DO,0)),"")} | AM23: {=IFERROR(INDEX('Fichier E-Formation'!DP:DP,MATCH('Tab Habilitation'!B23&"ADNT001",'Fichier E-Formation'!DM:DM&'Fichier E-Formation'!DO:DO,0)),"")} | AO23: {=IFERROR(INDEX('Fichier E-Formation'!DP:DP,MATCH('Tab Habilitation'!B23&"ADNT002",'Fichier E-Formation'!DM:DM&'Fichier E-Formation'!DO:DO,0)),"")} | AQ23: {=IFERROR(INDEX('Fichier E-Formation'!DP:DP,MATCH('Tab Habilitation'!B23&"ADNT003",'Fichier E-Formation'!DM:DM&'Fichier E-Formation'!DO:DO,0)),"")} | AS23: {=IFERROR(INDEX('Fichier E-Formation'!DP:DP,MATCH('Tab Habilitation'!B23&"ADNT004",'Fichier E-Formation'!DM:DM&'Fichier E-Formation'!DO:DO,0)),"")} | AU23: {=IFERROR(INDEX('Fichier E-Formation'!DP:DP,MATCH('Tab Habilitation'!B23&"AERDFFPEMPI",'Fichier E-Formation'!DM:DM&'Fichier E-Formation'!DO:DO,0)),"")} | AV23: {=IFERROR(INDEX('Fichier E-Formation'!DP:DP,MATCH('Tab Habilitation'!B23&"AERDFPEMPR",'Fichier E-Formation'!DM:DM&'Fichier E-Formation'!DO:DO,0)),"")} | AX23: {=IFERROR(INDEX('Fichier E-Formation'!DP:DP,MATCH('Tab Habilitation'!B23&"AERDFGRUA1",'Fichier E-Formation'!DM:DM&'Fichier E-Formation'!DO:DO,0)),"")} | AY23: {=IFERROR(INDEX('Fichier E-Formation'!DP:DP,MATCH('Tab Habilitation'!B23&"AERDFGRUR1",'Fichier E-Formation'!DM:DM&'Fichier E-Formation'!DO:DO,0)),"")} | BA23: {=IFERROR(INDEX('Fichier E-Formation'!DP:DP,MATCH('Tab Habilitation'!B23&"AEMEDP0001",'Fichier E-Formation'!DM:DM&'Fichier E-Formation'!DO:DO,0)),"")} | BC23: {=IFERROR(INDEX('Fichier E-Formation'!DP:DP,MATCH('Tab Habilitation'!B23&"AEMEDEP015",'Fichier E-Formation'!DM:DM&'Fichier E-Formation'!DO:DO,0)),"")} | BF23: {=IFERROR(INDEX('Fichier E-Formation'!DP:DP,MATCH('Tab Habilitation'!B23&"ADN2993",'Fichier E-Formation'!DM:DM&'Fichier E-Formation'!DO:DO,0)),"")} | BG23: {=IFERROR(INDEX('Fichier E-Formation'!DP:DP,MATCH('Tab Habilitation'!B23&"ADN2995",'Fichier E-Formation'!DM:DM&'Fichier E-Formation'!DO:DO,0)),"")} | BI23: {=IFERROR(INDEX('Fichier E-Formation'!DP:DP,MATCH('Tab Habilitation'!B23&"ADN2994",'Fichier E-Formation'!DM:DM&'Fichier E-Formation'!DO:DO,0)),"")} | BJ23: {=IFERROR(INDEX('Fichier E-Formation'!DP:DP,MATCH('Tab Habilitation'!B23&"ADN2996",'Fichier E-Formation'!DM:DM&'Fichier E-Formation'!DO:DO,0)),"")} | BL23: {=IFERROR(INDEX('Fichier E-Formation'!DP:DP,MATCH('Tab Habilitation'!B23&"AERDFFT941B",'Fichier E-Formation'!DM:DM&'Fichier E-Formation'!DO:DO,0)),"")} | BN23: {=IFERROR(INDEX('Fichier E-Formation'!DP:DP,MATCH('Tab Habilitation'!B23&"ACDLY08",'Fichier E-Formation'!DM:DM&'Fichier E-Formation'!DO:DO,0)),"")} | BO23: {=IFERROR(INDEX('Fichier E-Formation'!DP:DP,MATCH('Tab Habilitation'!B23&"ACDLY13",'Fichier E-Formation'!DM:DM&'Fichier E-Formation'!DO:DO,0)),"")} | BP23: {=IFERROR(INDEX('Fichier E-Formation'!DP:DP,MATCH('Tab Habilitation'!B23&"ACDCK007",'Fichier E-Formation'!DM:DM&'Fichier E-Formation'!DO:DO,0)),"")} | BQ23: {=IFERROR(INDEX('Fichier E-Formation'!DP:DP,MATCH('Tab Habilitation'!B23&"ACDLY1",'Fichier E-Formation'!DM:DM&'Fichier E-Formation'!DO:DO,0)),"")} | BR23: {=IFERROR(INDEX('Fichier E-Formation'!DP:DP,MATCH('Tab Habilitation'!B23&"AAMEDLINK1",'Fichier E-Formation'!DM:DM&'Fichier E-Formation'!DO:DO,0)),"")} | BS23: {=IFERROR(INDEX('Fichier E-Formation'!DP:DP,MATCH('Tab Habilitation'!B23&"ACDTIPINTV",'Fichier E-Formation'!DM:DM&'Fichier E-Formation'!DO:DO,0)),"")} | BT23: {=IFERROR(INDEX('Fichier E-Formation'!DP:DP,MATCH('Tab Habilitation'!B23&"AAMEDFADTC",'Fichier E-Formation'!DM:DM&'Fichier E-Formation'!DO:DO,0)),"")} | BU23: {=IFERROR(INDEX('Fichier E-Formation'!DP:DP,MATCH('Tab Habilitation'!B23&"AEDRVA",'Fichier E-Formation'!DM:DM&'Fichier E-Formation'!DO:DO,0)),"")} | BV23: {=IFERROR(INDEX('Fichier E-Formation'!DP:DP,MATCH('Tab Habilitation'!B23&"AEDRVAR",'Fichier E-Formation'!DM:DM&'Fichier E-Formation'!DO:DO,0)),"")} | BW23: {=IFERROR(INDEX('Fichier E-Formation'!DP:DP,MATCH('Tab Habilitation'!B23&"ADN8064",'Fichier E-Formation'!DM:DM&'Fichier E-Formation'!DO:DO,0)),"")} | BX23: {=IFERROR(INDEX('Fichier E-Formation'!DP:DP,MATCH('Tab Habilitation'!B23&"AERDFT934",'Fichier E-Formation'!DM:DM&'Fichier E-Formation'!DO:DO,0)),"")}

Sheet Fichier E-Formation
A1: Infos générales demande | T1: Stagiaire | AJ1: Stage | AR1: Durée | BB1: Cout total | BN1: Cout pédagogique | BV1: Cout Héb. Rest. | CD1: Inscription | CM1: Infos métier demande | CS1: Vie de la demande | DJ1: Donnée Planète
A2: ID | B2: Année | C2: Plan | D2: Statut Plan | E2: Groupe statut | F2: Statut | G2: Ref. Planète | H2: Connu Planète | I2: Type | J2: Non nominatif | K2: Nb stagiaire | L2: Region | M2: Unité (um) | N2: Domaine (dum) | O2: Agence (sdum) | P2: Equipe (fsdum) | Q2: Equipe (fsdum code) | R2: PDS | S2: Arbitrage | T2: NNI | U2: Nom Prénom | V2: Sexe | W2: Agent actif | X2: Part ERDF | Y2: Part GrDF | Z2: Entité Demande générique | AA2: Région actuelle Agent | AB2: UM actuel Agent | AC2: DUM actuel Agent | AD2: SDUM actuel Agent | AE2: FSDUM actuel Agent | AF2: Alternant | AG2: College | AH2: Lieu de travail | AI2: Managers | AJ2: Cursus - Code | AK2: Cursus - Libellé | AL2: Stage - Code | AM2: Stage - Libellé | AN2: Stage - Moe | AO2: Stage - Domaine | AP2: Stage - Sous Domaine | AQ2: Prestataire | AR2: Type durée | AS2: Durée PDS | AT2: Durée retenue | AU2: Durée retenue par stagiaire | AV2: Durée retenue Erdf | AW2: Durée retenue Grdf | AX2: Durée Planète | AY2: Durée Catalogue | AZ2: Durée demande | BA2: Durée facturée | BB2: Budget total PDS | BC2: Budget total retenu | BD2: Cout total PDS | BE2: Cout total retenu | BF2: Cout total retenu par stagiaire | BG2: Budget total retenu ERDF | BH2: Cout total retenu ERDF | BI2: Budget total retenu GRDF | BJ2: Cout total retenu GrDF | BK2: Cout total Catalogue | BL2: Cout total demande | BM2: Cout total facturée | BN2: Type coût pédagogique | BO2: Cout Pédagogique retenu | BP2: Cout Pédagogique retenu par stagiaire | BQ2: Cout Pédagogique retenu ERDF | BR2: Cout Pédagogique retenu GrDF | BS2: Cout Pédagogique Catalogue | BT2: Cout Pédagogique demande | BU2: Cout Pédagogique facturée | BV2: Type coût Héb. Rest. | BW2: Cout Héb. Rest. retenu | BX2: Cout Héb. Rest. retenu par stagiaire | BY2: Cout Héb. Rest. retenu ERDF | BZ2: Cout Héb. Rest. retenu GrDF | CA2: Cout Héb. Rest. Catalogue | CB2: Cout Héb. Rest. demande | CC2: Cout Héb. Rest. facturée | CD2: Code de session | CE2: Début session | CF2: Fin session | CG2: Lieu session | CH2: Statut inscription | CI2: Heures présence | CJ2: Heures absence | CK2: Motif absence | CL2: Commentaire absence | CM2: Code de plan formation | CN2: Présenté CE | CO2: Categorie | CP2: Dispositif | CQ2: Priorite | CR2: Trimestre | CS2: Statut Cohérent | CT2: Numéro des commandes | CU2: Liste d'attente | CV2: Reste à faire non envisageable | CW2: N'est plus impactée par Planète | CX2: Ajouté par | CY2: Date Ajout | CZ2: Origine | DA2: Région iniitale demande | DB2: Um initial demande | DC2: Dum initial demande | DD2: Sdum initial demande | DE2: Fsdum initial demande | DF2: Dernier changement | DG2: Commentaire | DH2: Abandon chgt région | DI2: A supprimer | DJ2: Heures | DK2: Cout Pédagogique | DL2: Cout annexes | DM2: NNI Agent | DN2: Nom Prénom Agent | DO2: Code Stage | DP2: Date Stage
T3: A1 | AL3: ADNT001 | CF3: 43292 | DM3: A | DN3: =U3 -> 0 | DO3: =AL3 -> ADNT001 | DP3: =CF3 -> 43292
T4: A1 | AL4: ADNT047 | CF4: 43291 | DM4: =T4 -> A1 | DN4: =U4 -> 0 | DO4: =AL4 -> ADNT047 | DP4: =CF4 -> 43291
T5: A1 | AL5: AERDFGRUR1 | CF5: 43125 | DM5: =T5 -> A1 | DN5: =U5 -> 0 | DO5: =AL5 -> AERDFGRUR1 | DP5: =CF5 -> 43125
T6: A1 | AL6: AERDFPEMPR | CF6: 42992 | DM6: =T6 -> A1 | DN6: =U6 -> 0 | DO6: =AL6 -> AERDFPEMPR | DP6: =CF6 -> 42992
T7: A1 | AL7: AERDFELAG | CF7: 42902 | DM7: =T7 -> A1 | DN7: =U7 -> 0 | DO7: =AL7 -> AERDFELAG | DP7: =CF7 -> 42902
T8: A1 | AL8: ADNT004 | CF8: 42894 | DM8: =T8 -> A1 | DN8: =U8 -> 0 | DO8: =AL8 -> ADNT004 | DP8: =CF8 -> 42894
T9: A1 | AL9: ACDLY06 | CF9: 42767 | DM9: =T9 -> A1 | DN9: =U9 -> 0 | DO9: =AL9 -> ACDLY06 | DP9: =CF9 -> 42767
T10: A1 | AL10: ACDLY04 | CF10: 42766 | DM10: =T10 -> A1 | DN10: =U10 -> 0 | DO10: =AL10 -> ACDLY04 | DP10: =CF10 -> 42766
T11: A1 | AL11: ACDCKO07 | CF11: 42704 | DM11: =T11 -> A1 | DN11: =U11 -> 0 | DO11: =AL11 -> ACDCKO07 | DP11: =CF11 -> 42704
T12: A2 | AL12: ACDLY11 | CF12: 42703 | DM12: =T12 -> A2 | DN12: =U12 -> 0 | DO12: =AL12 -> ACDLY11 | DP12: =CF12 -> 42703
T13: A3 | AL13: AAMEDS0002 | CF13: 42626 | DM13: =T13 -> A3 | DN13: =U13 -> 0 | DO13: =AL13 -> AAMEDS0002 | DP13: =CF13 -> 42626
T14: A4 | AL14: ADNT002 | CF14: 42550 | DM14: =T14 -> A4 | DN14: =U14 -> 0 | DO14: =AL14 -> ADNT002 | DP14: =CF14 -> 42550
T15: A5 | AL15: AAMEDT908 | CF15: 42508 | DM15: =T15 -> A5 | DN15: =U15 -> 0 | DO15: =AL15 -> AAMEDT908 | DP15: =CF15 -> 42508
... T19: A9 | AL19: ADNT004 | CF19: 42097 | DM19: =T19 -> A9 | DN19: =U19 -> 0 | DO19: =AL19 -> ADNT004 | DP19: =CF19 -> 42097
T20: A10 | AJ20: PDNMPRO | AK20: Parcours PASS MPRO - Ce parcours est facturé | AL20: ADNMPROB | CF20: 43048 | DM20: =T20 -> A10 | DN20: =U20 -> 0 | DO20: =AL20 -> ADNMPROB | DP20: =CF20 -> 43048
T21: A11 | AJ21: PDNMPRO | AK21: Parcours PASS MPRO - Ce parcours est facturé | AL21: PDNMPRO | CF21: 43048 | DM21: =T21 -> A11 | DN21: =U21 -> 0 | DO21: =AL21 -> PDNMPRO | DP21: =CF21 -> 43048
T22: A12 | AJ22: PDNMPRO | AK22: Parcours PASS MPRO - Ce parcours est facturé | AL22: ADNMPROA | CF22: 42992 | DM22: =T22 -> A12 | DN22: =U22 -> 0 | DO22: =AL22 -> ADNMPROA | DP22: =CF22 -> 42992
T23: A13 | AJ23: PDNMPRO | AK23: Parcours PASS MPRO - Ce parcours est facturé | AL23: ADNM180 | CF23: 42975 | DM23: =T23 -> A13 | DN23: =U23 -> 0 | DO23: =AL23 -> ADNM180 | DP23: =CF23 -> 42975
T24: A14 | AL24: AERDFCPF | CF24: 42913 | DM24: =T24 -> A14 | DN24: =U24 -> 0 | DO24: =AL24 -> AERDFCPF | DP24: =CF24 -> 42913
T25: A15 | AL25: ACDLYENC01 | CF25: 42682 | DM25: =T25 -> A15 | DN25: =U25 -> 0 | DO25: =AL25 -> ACDLYENC01 | DP25: =CF25 -> 42682
T26: A16 | AL26: AAMEDS0002 | CF26: 42488 | DM26: =T26 -> A16 | DN26: =U26 -> 0 | DO26: =AL26 -> AAMEDS0002 | DP26: =CF26 -> 42488
T27: A17 | AL27: AEMED2200C | CF27: 42355 | DM27: =T27 -> A17 | DN27: =U27 -> 0 | DO27: =AL27 -> AEMED2200C | DP27: =CF27 -> 42355
T28: A18 | AL28: ACDLYENC02 | CF28: 42338 | DM28: =T28 -> A18 | DN28: =U28 -> 0 | DO28: =AL28 -> ACDLYENC02 | DP28: =CF28 -> 42338
T29: A19 | AL29: ACDLYENC02 | CF29: 42143 | DM29: =T29 -> A19 | DN29: =U29 -> 0 | DO29: =AL29 -> ACDLYENC02 | DP29: =CF29 -> 42143
T30: A20 | AL30: AAK425TRIP | CF30: 42080 | DM30: =T30 -> A20 | DN30: =U30 -> 0 | DO30: =AL30 -> AAK425TRIP | DP30: =CF30 -> 42080
